 Dungeon Crawl Stone Soup version 0.32-a0-998-g15e7c0074e (webtiles) character file.

Game seed: 9272270226737188210

13843923 confidenceinterval the Sabretooth (level 27, 164/164 HPs)
             Began as a Felid Shapeshifter on Apr 21, 2024.
             Was the Champion of Jiyva.
             Escaped with the Orb
             ... and 15 runes
             ... and 1 gem on Apr 24, 2024!
             The game lasted 05:30:53 (115970 turns).

confidenceinterval the Sabretooth (FeSh)          Turns: 115970, Time: 05:30:54

Health: 164/164    AC: 13    Str: 26      XL:     27
Magic:  56/56      EV: 67    Int: 30      God:    Jiyva [******]
Gold:   7149       SH:  0    Dex: 18 (19) Spells: 9/64 levels left
                                        Lives:  2   Deaths: 3

rFire   + +          .
                       - Unarmed
rCold   + . .        (shield unavailable)
rNeg    + + .        (body armour unavailable)
rPois   ∞            (helmet unavailable)
rElec   +            (cloak unavailable)
rCorr   +            (gloves unavailable)
SInv    +            (boots unavailable)
Will    +++++        E - amulet "Cotring" {rF++ rC- RegenMP+ Int+3}
Stlth   ++           v - ring "Osur" {rPois rN++ rCorr EV+5 Str+2}
HPRegen 2.07/turn    R - ring "Tabam" {rPois rC++ Int+2 Dex+2 SInv}
MPRegen 1.55/turn

%: no passive effects
@: storm-form, flying, studying Conjurations
A: cleaving, insubstantial, flying, very small, (claws 1), (fangs 3), see
invisible, (shaggy fur 3), (stealthy paws), no weapons or thrown items, no
armour, multi-lived, (antennae 3), clever 2, (cold resistance 1), strong-willed
3, (poison resistance), strong 2, wild magic 1, (eyeballs 1), (translucent skin
2)
0: Orb of Zot
}: 15/15 runes: serpentine, barnacled, slimy, silver, golden, iron, obsidian,
icy, bone, abyssal, demonic, glowing, magical, fiery, dark
a: Blinkbolt, Begin Untransformation, Renounce Religion, Oozemancy, Slimify


You escaped.
You worshipped Jiyva.
Jiyva was exalted by your worship.
You were a lightning-filled tempest!
You visited 17 branches of the dungeon, and saw 87 of its levels.
You visited Pandemonium 2 times, and saw 25 of its levels.
You visited the Abyss 2 times.
You visited 1 ziggurat, and saw 9 of its levels.
You also visited: Trove and Sewer.

You collected 12315 gold pieces.
You spent 5166 gold pieces at shops.

Inventory:

Jewellery
 g - the amulet "Huenue" {Rampage rF++ RegenMP+ Dex-5}
   (You found it on level 8 of a ziggurat)

   [amulet of magic regeneration]

   It increases your rate of magic regeneration.
   Dex-5:     It affects your dexterity (-5).
   rF++:      It greatly protects you from fire.
   Rampage:   It bestows one free step when moving towards enemies.
   RegenMP+:  It increases your rate of magic regeneration.
 k - the ring "Ihiharug" {rF++ rN+ Str+3}
   (You found it on level 5 of the Pits of Slime)

   [ring of positive energy]

   Str+3:     It affects your strength (+3).
   rF++:      It greatly protects you from fire.
   rN+:       It protects you from negative energy.
 n - the ring "Nigikou" {rC++ rN+}
   (You found it in a treasure trove)

   [ring of positive energy]

   rC++:      It greatly protects you from cold.
   rN+:       It protects you from negative energy.
 v - the ring "Osur" (left paw) {rPois rN++ rCorr EV+5 Str+2}
   (You acquired it in Pandemonium)

   [ring of evasion]

   EV+5:      It affects your evasion (+5).
   Str+2:     It affects your strength (+2).
   rPois:     It protects you from poison.
   rN++:      It greatly protects you from negative energy.
   rCorr:     It protects you from acid and corrosion.
 x - the ring of Ikhlikyr {rPois Will+ Str+6}
   (You took it off a deep elf annihilator on level 3 of the Elven Halls)

   [ring of strength]

   Str+6:     It affects your strength (+6).
   rPois:     It protects you from poison.
   Will+:     It increases your willpower.
 E - the amulet "Cotring" (around neck) {rF++ rC- RegenMP+ Int+3}
   (You took it off an efreet in Pandemonium)

   [amulet of magic regeneration]

   It increases your rate of magic regeneration.
   Int+3:     It affects your intelligence (+3).
   rF++:      It greatly protects you from fire.
   rC-:       It makes you vulnerable to cold.
   RegenMP+:  It increases your rate of magic regeneration.
 R - the ring "Tabam" (right paw) {rPois rC++ Int+2 Dex+2 SInv}
   (You found it on level 3 of the Crypt)

   [ring of see invisible]

   Int+2:     It affects your intelligence (+2).
   Dex+2:     It affects your dexterity (+2).
   rC++:      It greatly protects you from cold.
   rPois:     It protects you from poison.
   SInv:      It lets you see invisible.
 T - the amulet of Due Proportion {rElec rPois RegenMP+ Int+4 Slay-5}
   (You acquired it on level 2 of the Orcish Mines)

   [amulet of magic regeneration]

   It increases your rate of magic regeneration.
   Int+4:     It affects your intelligence (+4).
   Slay-5:    It affects your accuracy & damage with ranged weapons and melee
   (-5).
   rElec:     It insulates you from electricity.
   rPois:     It protects you from poison.
   RegenMP+:  It increases your rate of magic regeneration.
Talismans
 b - a dragon-blood talisman
 c - the storm talisman "Budosejo" {Int+4 Dex+2}
   (You found it on level 3 of the Elven Halls)

   [storm talisman]

   Int+4:     It affects your intelligence (+4).
   Dex+2:     It affects your dexterity (+2).
 y - a granite talisman
 z - a blade talisman
 N - a talisman of death
 X - the storm talisman "Lasmear" (active) {MP+9 Int+4 SInv}
   (You found it in Pandemonium)

   [storm talisman]

   Int+4:     It affects your intelligence (+4).
   MP+9:      It affects your magic capacity (+9).
   SInv:      It lets you see invisible.
Wands
 t - a wand of mindburst (20)
 F - a wand of digging (60)
 G - a wand of warping (66)
 J - a wand of polymorph (44)
 W - a wand of acid (27)
Scrolls
 d - 18 scrolls of teleportation
 p - 10 scrolls of blinking
 A - 3 scrolls of butterflies
 C - 6 scrolls of vulnerability
 D - 11 scrolls of poison
 H - 6 scrolls of fear
 I - a scroll of silence
 L - a scroll of revelation
 Q - 10 scrolls of noise
 S - 25 scrolls of identify
 Y - 8 scrolls of fog
 Z - 4 scrolls of immolation
Potions
 a - 5 potions of lignification
 e - 5 potions of brilliance
 h - 3 potions of heal wounds
 i - 8 potions of mutation
 l - 4 potions of magic
 m - 10 potions of might
 o - a potion of cancellation
 q - 4 potions of resistance
 r - 2 potions of ambrosia
 s - 4 potions of enlightenment
 u - 5 potions of invisibility
 B - 20 potions of curing
 M - 4 potions of attraction
 U - 2 potions of berserk rage
 V - 4 potions of haste
Miscellaneous
 f - a phial of floods
 j - a box of beasts
 w - a figurine of a ziggurat
 K - a condenser vane
 O - the horn of Geryon
 P - a lightning rod (4/4)


   Skills:
 - Level 23.0 Fighting
 O Level 27 Dodging
 - Level 8.0 Stealth
 O Level 27 Unarmed Combat
 - Level 19.0 Spellcasting
 - Level 4.0 Conjurations
 - Level 20.0 Hexes
 O Level 27 Translocations
 - Level 21.0 Fire Magic
 * Level 24.9 Ice Magic
 - Level 15.0 Evocations
 - Level 25.3 Shapeshifting


You had 9 spell levels left.
You knew the following spells:

 Your Spells              Type           Power      Damage    Failure   Level
a - Scorch                Fire           100%       2d9       1%          2
b - Jinxbite              Hex            100%       N/A       1%          2
c - Manifold Assault      Tloc           64%        N/A       1%          7
d - Iskenderun's Mystic   Conj/Tloc      100%       2d19      (+2d11%     4
e - Enfeeble              Hex            57%        N/A       1%          7
f - Disjunction           Tloc           64%        N/A       1%          8
g - Discord               Hex            57%        N/A       4%          8
h - Ignition              Fire           58%        3d16      3%          8
i - Polar Vortex          Ice            62%        12d8*     8%          9

Your spell library contained the following spells:

 Spells                   Type           Power      Damage    Failure   Level
 Apportation              Tloc           100%       N/A       1%          1
 Foxfire                  Conj/Fire      100%       2x1d9     1%          1
 Freeze                   Ice            100%       1d10      1%          1
 Magic Dart               Conj           100%       1d8       1%          1
 Slow                     Hex            100%       N/A       1%          1
 Blink                    Tloc           100%       N/A       1%          2
 Ensorcelled Hibernation  Hex/Ice        100%       N/A       1%          2
 Searing Ray              Conj           100%       2d8       1%          2
 Dazzling Flash           Conj/Hex       100%       N/A       1%          3
 Frozen Ramparts          Ice            100%       1d16      1%          3
 Hailstorm                Conj/Ice       99%        3d16      1%          3
 Maxwell's Portable Pile  Tloc           100%       2d(15-43) 1%          3
 Ozocubu's Armour         Ice            100%       N/A       1%          3
 Sigil of Binding         Hex            100%       N/A       1%          3
 Summon Ice Beast         Ice/Summ       94%        N/A       1%          3
 Teleport Other           Tloc           100%       N/A       1%          3
 Volatile Blastmotes      Fire/Tloc      100%       2d18      1%          3
 Anguish                  Hex/Necr       43%        N/A       1%          4
 Cause Fear               Hex            57%        N/A       1%          4
 Flame Wave               Conj/Fire      94%        2d20      1%          4
 Ignite Poison            Fire/Alch      87%        N/A       1%          4
 Sticky Flame             Fire/Alch      87%        2d13      1%          4
 Summon Blazeheart Golem  Fire/Summ      87%        N/A       1%          4
 Fireball                 Conj/Fire      47%        3d19      1%          5
 Freezing Cloud           Conj/Ice/Air   42%        6-21      1%          5
 Metabolic Englaciation   Hex/Ice        59%        N/A       1%          5
 Silence                  Hex/Air        43%        N/A       1%          5
 Summon Forest            Summ/Tloc      48%        N/A       1%          5
 Summon Mana Viper        Hex/Summ       86%        N/A       1%          5
 Yara's Violent Unravell  Hex/Alch       43%        3d17      1%          5
 Dispersal                Tloc           64%        N/A       1%          6
 Gell's Gavotte           Tloc           64%        2d(40-59) 1%          6
 Ozocubu's Refrigeration  Ice            62%        4d21      1%          7
 Necrotise                Necr           100%       1d9       2%          1
 Sandblast                Erth           74%        2d16      2%          1
 Summon Small Mammal      Summ           100%       N/A       2%          1
 Permafrost Eruption      Ice/Erth       47%        2x4d11    2%          6
 Sculpt Simulacrum        Ice/Alch       47%        N/A       2%          6
 Starburst                Conj/Fire      47%        6d13      2%          6
 Call Imp                 Summ           74%        N/A       3%          2
 Cigotuvi's Dreadful Rot  Necr/Alch/Air  74%        N/A       3%          2
 Mercury Vapours          Alch/Air       74%        N/A       3%          2
 Stone Arrow              Conj/Erth      100%       3d13      3%          3
 Mephitic Cloud           Conj/Alch/Air  47%        N/A       4%          3
 Plasma Beam              Fire/Air       43%        2x1d57    4%          6
 Call Canine Familiar     Summ           37%        N/A       7%          3
 Fugue of the Fallen      Necr           37%        N/A       7%          3
 Passwall                 Erth           37%        N/A       7%          3
 Vampiric Draining        Necr           37%        2d8       7%          3
 Brom's Barrelling Bould  Conj/Erth      51%        2d7       10%         4
 Fulminant Prism          Conj/Alch      25%        3d14      10%         4
 Rimeblight               Ice/Necr       47%        2d8       (prima11%   7
 Iskenderun's Battlesphe  Conj           62%        2d11      12%         5
 Animate Dead             Necr           37%        N/A       21%         4
 Leda's Liquefaction      Alch/Erth      18%        N/A       21%         4
 Martyr's Knell           Necr/Summ      37%        N/A       21%         4
 Olgreb's Toxic Radiance  Alch           37%        N/A       21%         4
 Petrify                  Alch/Erth      37%        N/A       21%         4
 Summon Lightning Spire   Summ/Air       37%        N/A       21%         4
 Arcjolt                  Conj/Air       25%        1d35      24%         5
 Alistair's Intoxication  Alch           24%        N/A       45%         5
 Borgnjor's Vile Clutch   Necr/Erth      18%        N/A       45%         5
 Curse of Agony           Necr           37%        N/A       45%         5
 Bombard                  Conj/Erth      25%        9d5       75%         6
 Conjure Ball Lightning   Conj/Air       25%        3x3d7     75%         6
 Death Channel            Necr           18%        N/A       95%         6
 Eringya's Noxious Bog    Alch           18%        4d6       95%         6
 Summon Cactus Giant      Summ           18%        N/A       95%         6
 Orb of Destruction       Conj           31%        9d10      95%         7
 Spellforged Servitor     Conj/Summ      25%        N/A       99%         7
 Haunt                    Necr/Summ      18%        N/A       100%        7
 Magnavolt                Erth/Air       18%        3d13      100%        7
 Monstrous Menagerie      Summ           18%        N/A       100%        7
 Seismic Cannonade        Alch/Erth      18%        6d8       100%        7
 Borgnjor's Revivificati  Necr           18%        N/A       100%        8
 Fulsome Fusillade        Conj/Alch      25%        (3-5)d9   100%        8
 Infestation              Necr           18%        N/A       100%        8
 Maxwell's Capacitive Co  Air            18%        ∞         100%        8
 Chain Lightning          Conj/Air       25%        3d34      100%        9
 Death's Door             Necr           18%        N/A       100%        9
 Dragon's Call            Summ           18%        N/A       100%        9
 Fire Storm               Conj/Fire      47%        8d12      100%        9
 Shatter                  Erth           18%        3d17*     100%        9
 Dimensional Bullseye     Hex/Tloc       Unusable   N/A       N/A         4
 Animate Armour           Summ/Erth      Unusable   N/A       N/A         4

Dungeon Overview and Level Annotations

Branches:
Dungeon (15/15)            Temple (0/1) D:7            Lair (5/5) D:11
 Shoals (4/4) Lair:2        Snake (4/4) Lair:2        Slime (5/5) Lair:4
    Orc (2/2) D:10            Elf (3/3) Orc:2        Vaults (5/5) D:13
  Crypt (3/3) Vaults:3       Tomb (3/3) Crypt:3      Depths (4/4) D:15
   Hell (visited)             Dis (7/7) Hell            Geh (7/7) Hell
    Coc (7/7) Hell            Tar (7/7) Hell            Zot (5/5) Depths:4
  Sewer (visited)

Altars:
Cheibriados
Dithmenos
Elyvilon
Gozag
Kikubaaqudgha
Nemelex Xobeh
Qazlal
Sif Muna
Vehumet
Wu Jian
Yredelemnul
Zin
The Shining One
Beogh
Jiyva

Shops:
D:7 (   D:10 (*   D:13 :   Orc:2 [(=(   Elf:3 ?:(=   Shoals:4 ?=(=?   Snake:1 [
Snake:2 [**?   Snake:3 !(   Snake:4 [   Vaults:2 (   Vaults:4 :

Portals:
Hell: Depths:1 Depths:2 Depths:3 Depths:4
Abyss: Depths:2 Depths:3
Pandemonium: Depths:2 Depths:4

Annotations:
D:15 2 transporters, flt's ghost, adept OnWn
Shoals:4 6 transporters
Snake:4 1 exclusion
Slime:5 Royal Jelly
Elf:2 3 runed translucent doors
Zot:5 4 transporters


Innate Abilities, Weirdness & Mutations

You are a lightning-filled tempest!
Your electrical attacks strike out in all directions at once.
You are incredibly evasive.
Your insubstantial body is immune to petrification, constriction, and being set on fire You are flying.
You are immune to poison.
((You have sharp claws.))
((You have razor-sharp teeth.))
You have supernaturally acute eyesight. (SInv)
((Your thick and shaggy fur keeps you warm. (AC +3, rC+)))
((Your paws help you pounce on unaware monsters.))
You are incapable of wielding weapons or throwing items.
You cannot wear armour.
You gain extra lives every three experience levels.
((You have a pair of large antennae on your head. (SInv)))
Your mind is very acute. (Int +8, Str/Dex -2)
((Your flesh is cold resistant. (rC+)))
You are extremely strong-willed. (Will+++)
((Your system is resistant to poisons. (rPois)))
Your muscles are very strong. (Str +8, Int/Dex -2)
Your spells are a little harder to cast, but a little more powerful.
((Your body has grown eyes which may confuse attackers. (Acc +3)))
((Your translucent skin reduces your foes' accuracy. (Stealth+)))


Message History

A balrug and a sun demon come into view.
The balrug is wielding a +2 demon whip of electrocution.
Space momentarily warps into an impossible shape!
You hit the sun demon. You batter the balrug!!
Lightning courses through the balrug!
Space momentarily warps into an impossible shape!
You blast the balrug!!!!
You kill the balrug!
You hear a splash.
You blast the sun demon!!!!
You kill the sun demon!
You can't see any susceptible monsters within range! (Use Z to cast anyway.)
A sun demon comes into view.
There is a stone staircase leading up here.
You fly upwards.
There is a stone staircase leading down here.
Unknown command.
Magic restored.
There is a stone staircase leading up here.
You fly upwards.
There is a stone staircase leading down here.
Jiyva says: Divide and consume!
You hear a distant slurping noise.
You hear a distant slurping noise.
You hear a distant slurping noise.
You hear a distant slurping noise.
You hear a distant slurping noise.
You see here a rat skeleton.
You see here a +0 whip.
You hear a distant slurping noise.
You swap places.
Things that are here:
a +0 club; a goblin skeleton You hear a distant slurping noise.
You hear a distant slurping noise.
You hear a distant slurping noise.
You hear a distant slurping noise.
You hear a distant slurping noise.
There is a staircase leading out of the dungeon here.
You have escaped!

#.#....#.###.##......)##
##.#......# ###...#.##..#######
#.........####...##..#...##....
#†.........##...###..#.#..#####
#.........##...## #....##..##
####......##..## #.##.###..##
#....#.##...####.##.# ##..##
#....#.##....#......# ##...
####.#.###.v.#.####.# ##..
#......#....#......# ##...
#...####...####.#..# ##..##
#...####..## #.##.###..##
#......##..## #.#..##..##
#.......#...###..#.#..##
#..###..##...##..#...######
#..# #...##...#.##..##.....
#..# #..####.......##.#####


There were no monsters in sight!

Vanquished Creatures
  Antaeus (Coc:7)
  Ereshkigal (Tar:7)
  Asmodeus (Geh:7)
  Gloorx Vloq (Pan)
  Ignacio (Pan)
  the Serpent of Hell (Coc:7)
  Mnoleg (Pan)
  Lom Lobon (Pan)
  Frederick (Depths:3)
  Dispater (Dis:7)
  9 dread liches
  5 orbs of fire
  Mara (Shoals:4)
  13 ancient liches
  Mennas (Depths:3)
  3 juggernauts (Dis:7)
  Sojobo (Crypt:2)
  Xtahua (Crypt:2)
  18 royal mummies
  19 shard shrikes
  6 Killer Klowns (Zot:5)
  Bai Suzhen (Crypt:3)
  Boris (twice) (Crypt:2 Depths:4)
  18 caustic shrikes
  17 pandemonium lords
  2 curse toes
  Saint Roka (Elf:3)
  Geryon (Hell)
  Nikola (Snake:4)
  7 profane servitors
  8 golden dragons
  Norris (Vaults:1)
  15 bone dragons
  26 Brimstone Fiends
  4 electric golems
  8 iron giants
  6 doom hounds
  8 hellephants
  18 Tzitzimimeh
  18 Hell Sentinels
  A spectral shard shrike (Tar:7)
  15 tentacled monstrosities
  6 liches
  32 Ice Fiends
  8 tainted leviathans
  A shard shrike skeleton (Crypt:3)
  8 titans
  26 Orb Guardians
  The ghost of Haizemp the Convoker, an adept OpHW of Gozag (Vaults:2)
  4 quicksilver dragons
  11 sphinxes
  A deep elf master archer (Elf:3)
  A deep elf blademaster (Elf:3)
  3 tentacled starspawn
  Asterion (Elf:3)
  41 Executioners
  25 searing wretches
  A walking frostbound tome (Depths:4)
  13 death cobs
  A kraken (Shoals:2)
  An eldritch tentacle (Pan)
  Frances (Lair:2)
  9 tengu reavers
  Polyphemus (Shoals:3)
  28 ancient champions
  Kirke (D:12)
  16 storm dragons
  7 revenants
  19 fire giants
  18 demonspawn warmongers (Pan)
  4 nagarajas
  A fenstrider witch (Pan)
  15 shadow dragons
  6 draconian monks
  20 frost giants
  4 ghost moths
  3 emperor scorpions
  25 narguns
  57 balrugs
  3 quicksilver elementals
  16 vault wardens
  A caustic shrike zombie (Crypt:3)
  9 iron dragons
  6 draconian knights
  10 protean progenitors
  12 deep elf sorcerers
  4 draconian shifters
  An angel (Vaults:3)
  9 deep elf elementalists
  8 shard shrike simulacra
  A ghoul (Crypt:2)
  4 draconian scorchers
  5 draconian stormcallers
  7 curse skulls
  An orc warlord (Orc:1)
  34 cacodemons (Pan)
  3 spriggan defenders
  17 demonspawn corrupters (Pan)
  3 draconian annihilators
  24 stone giants
  14 demonspawn blood saints
  34 reapers
  A spectral caustic shrike (Tar:7)
  17 ironbound preservers
  28 elemental wellsprings
  4 juggernaut skeletons (Pan)
  11 very ugly things
  6 ironbound thunderhulks
  5 caustic shrike skeletons
  10 green draconians
  10 demonspawn black suns (Pan)
  13 vampire knights
  4 black draconians
  5 deep elf demonologists (Elf:3)
  18 wendigos
  7 putrid mouths
  4 bennus
  16 lorocyprocas
  47 war gargoyles
  9 red draconians
  13 dire elephants
  6 spark wasps
  9 deep elf annihilators
  9 yellow draconians
  9 deep elf death magi
  4 white draconians
  6 purple draconians
  20 green deaths
  5 eidola
  26 blizzard demons
  A spectral quicksilver dragon (Tar:1)
  3 merfolk impalers
  4 crystal guardians
  21 ettins
  27 iron golems
  18 mummy priests
  15 jiangshi
  7 merfolk javelineers
  16 fire dragons
  Josephine (D:13)
  6 deep elf high priests
  A spectral spriggan (Tar:1)
  11 yaktaur captains
  8 entropy weavers
  11 ice dragons
  15 caustic shrike simulacra
  19 vault guards
  5 jorogumos
  16 salamander tyrants
  6 rakshasas
  A radroach (Zig:6)
  6 hydras
  10 juggernaut simulacra
  18 hell beasts
  4 spriggan air magi
  8 ghost crabs
  7 anacondas
  A fenstrider witch zombie (Crypt:1)
  An alligator (Pan)
  3 boulder beetles
  3 merfolk aquamancers
  A merfolk avatar (Shoals:1)
  A peacekeeper (Vaults:4)
  4 ogre magi
  A catoblepas (Shoals:3)
  11 ironbound frosthearts
  8 stokers
  12 centaur warriors
  4 death yaks
  9 dancing weapons
  11 two-headed ogres
  A two-headed ogre (shapeshifter) (Vaults:5)
  116 death scarabs
  A death knight (Vaults:3)
  6 satyrs
  3 spriggan skeletons
  6 tengu warriors
  25 demonic crawlers
  33 hell hogs
  3 alligator snapping turtles
  8 deep troll shamans
  5 thrashing horrors
  14 deep troll earth magi
  9 naga warriors
  Urug (D:11)
  4 naga sharpshooters
  A spectral emperor scorpion (Tar:1)
  8 vampire magi
  2 orc high priests
  A titan zombie (Depths:2)
  2 spectral nagas
  16 deep elf knights
  An occultist (Depths:3)
  3 hellephant skeletons (Pan)
  9 shock serpents
  A storm dragon zombie (Depths:2)
  3 spriggan berserkers
  13 crystal echidnas
  160 sun demons
  21 hell knights
  37 sixfirhies
  A titan skeleton (Tomb:1)
  14 iron trolls
  10 skysharks
  A spectral bunyip (Tar:1)
  A fire crab (shapeshifter) (Vaults:5)
  67 soul eaters
  2 bunyip zombies
  5 salamander mystics
  A skyshark (shapeshifter) (Elf:1)
  35 skeletal warriors
  13 sea snakes
  A spatial maelstrom (Abyss:4)
  14 deep elf archers
  A wretched star (Abyss:4)
  A golden dragon zombie (Hell)
  3 cherubim
  16 mana vipers
  17 shadow wraiths
  An anaconda zombie (Crypt:1)
  An orb spider (Zig:6)
  9 naga ritualists
  A spark wasp zombie (Hell)
  A spriggan simulacrum (Crypt:1)
  55 deep trolls
  A spectral iron dragon (Tar:4)
  A swamp dragon (Lair:5)
  A pharaoh ant (Zig:6)
  2 orange crystal statues (Zig:4)
  A bunyip skeleton (Crypt:3)
  A spectral hydra (Tar:4)
  8 flayed ghosts
  35 shadow demons
  2 bog bodies (Crypt:2)
  An obsidian statue (Zig:4)
  An iron giant skeleton (Tomb:1)
  Pikel (D:5)
  8 arcanists
  9 sun moths (Pan)
  24 harpies
  5 thermic dynamos
  15 phantasmal warriors
  10 lindwurms
  47 large abominations
  A steelbarb worm (Zig:8)
  18 necromancers
  An alligator zombie (Hell)
  3 shadow dragon zombies
  9 orc knights
  12 ironbound convokers
  A stone giant zombie (Hell)
  An iron dragon zombie (Tomb:1)
  24 deep elf zephyrmancers
  An orc sorcerer (Orc:1)
  19 manticores
  2 shadow dragon skeletons
  20 deep elf pyromancers
  9 cyclopes
  16 fauns
  A jorogumo skeleton (Crypt:2)
  A shining eye (shapeshifter) (Vaults:5)
  29 ugly things
  15 salamanders
  2 wolf spiders
  2 spectral centaurs (Tar:1)
  An alligator skeleton (Hell)
  2 frost giant zombies
  A worldbinder (Abyss:4)
  A fire giant zombie (Hell)
  8 elephants
  6 merfolk sirens
  An iron dragon skeleton (Crypt:3)
  6 meliai
  A spectral alligator snapping turtle (Tar:3)
  10 rust devils
  23 moths of wrath
  A stone giant skeleton (Crypt:1)
  41 black mambas
  2 kobold blastminers
  A frost giant skeleton (Depths:2)
  8 molten gargoyles (Geh:7)
  An eleionoma skeleton (Crypt:1)
  6 titan simulacra
  10 vault sentinels
  2 dire elephant zombies
  59 smoke demons
  4 gargoyles (Crypt:3)
  16 cane toads
  A fire giant skeleton (Crypt:2)
  10 water nymphs
  9 guardian serpents
  Maggie (D:8)
  15 ice statues
  5 centaur skeletons
  A storm dragon simulacrum (Coc:2)
  3 naga zombies
  16 naga magi
  An unseen horror (shapeshifter) (D:12)
  34 yaktaurs
  38 orange demons (Pan)
  A torpor snail (Zig:8)
  A dire elephant skeleton (Crypt:1)
  34 hellions
  A cane toad (shapeshifter) (Vaults:5)
  2 naga skeletons
  4 tengu conjurers
  6 komodo dragons
  11 efreet
  An unseen horror (D:12)
  5 anaconda simulacra
  7 rime drakes
  17 freezing wraiths
  A yaktaur (shapeshifter) (Vaults:5)
  Psyche (D:12)
  6 red devils
  2 golden dragon simulacra
  39 guardian mummies
  2 bunyip simulacra (Coc:1)
  9 ice devils
  15 trolls
  An ancient zyme (Abyss:4)
  4 iron giant simulacra
  9 polar bears (Lair:5)
  A spectral harpy (Tar:5)
  28 tormentors
  A shadow dragon simulacrum (Coc:1)
  A silent spectre (Tar:1)
  3 hydra zombies (Hell)
  3 harpy skeletons (Crypt:3)
  6 harpy zombies
  10 wind drakes
  25 merfolk
  10 raiju
  38 hellwings (Pan)
  15 blink frogs
  A jumping spider (Vaults:2)
  7 hornets
  3 dream sheep (Shoals:1)
  A culicivora zombie (Crypt:2)
  An iron dragon simulacrum (Coc:2)
  3 hydra skeletons (Hell)
  An ettin zombie (Hell)
  2 spriggan zombies (Hell)
  5 stone giant simulacra
  5 snapping turtles
  Sigmund (D:4)
  6 fire dragon skeletons
  74 ynoxinuls
  3 air elementals
  5 shadows
  20 water elementals
  A black mamba zombie (Crypt:1)
  A centaur simulacrum (Coc:1)
  12 wraiths
  4 ushabtiu
  3 naga simulacra
  2 spriggans (shapeshifter) (D:13)
  2 small abominations (Abyss:4)
  6 dire elephant simulacra
  77 yaks
  8 spriggans
  5 vampires (Crypt:3)
  3 wyverns
  6 basilisks
  A hog (D:12)
  37 neqoxecs
  6 steam dragons
  A black mamba skeleton (Crypt:1)
  10 wargs
  2 redbacks (Vaults:2)
  3 vampire mosquitoes (D:10)
  52 chaos spawn
  2 alligator snapping turtle simulacra (Coc:1)
  19 harpy simulacra
  3 hydra simulacra
  4 acid dragons
  44 nagas
  6 spatial vortices (Abyss:4)
  13 water moccasins
  22 hell hounds
  2 swamp drakes (Lair:5)
  5 black bears (Lair:5)
  An ice beast (D:8)
  17 laughing skulls
  A sky beast (D:7)
  36 orc warriors
  16 ogres
  5 ettin simulacra
  12 wolves (Lair:5)
  A swamp dragon zombie (Crypt:1)
  A crocodile (shapeshifter) (Elf:2)
  3 centaurs
  2 weeping skulls (Abyss:4)
  4 brain worms (Pan)
  A vine stalker zombie (Crypt:2)
  13 bullfrogs
  An earth elemental (Elf:3)
  A water moccasin zombie (Crypt:2)
  A komodo dragon skeleton (Crypt:2)
  2 wights (D:10)
  2 scorpions
  A yak zombie (Crypt:1)
  8 killer bees
  3 electric eels
  4 bombardier beetles
  4 hounds
  2 lava snakes (D:14)
  A human zombie (Crypt:1)
  3 jellies
  20 orc priests
  7 iguanas
  4 human skeletons (Crypt:1)
  10 hell rats
  19 orc wizards
  A tengu skeleton (Crypt:1)
  35 mummies
  12 adders
  2 river rats (Sewer)
  A shadow imp (D:6)
  3 white imps
  3 ufetubi
  2 dart slugs (D:1)
  4 ribbon worms
  81 orcs
  A bat zombie (D:3)
  16 endoplasms
  12 giant cockroaches
  10 goblins
  7 hobgoblins
  3 jackals (D:1)
  5 quokkas
  14 ball pythons
  3 bats
  5 frilled lizards
  A frilled lizard skeleton (Crypt:2)
  3 frilled lizard zombies (D:3)
  A gnoll zombie (Crypt:2)
  8 kobolds
  32 rats
  A river rat skeleton (Crypt:1)
  7 aspiring fleshes
  A ball lightning (Pan)
  8 creeping infernos
  12 fire vortices
  A lurking horror (Abyss:4)
  A spectral weapon (Vaults:5)
  2 starspawn tentacles (Zig:1)
  4 tentacles (Shoals:2)
4385 creatures vanquished.

Vanquished Creatures (collateral kills)
  Cerebov (Pan)
  Boris (Depths:3)
  A pandemonium lord (Pan)
  2 Killer Klowns (Zot:5)
  A caustic shrike (Dis:7)
  2 Brimstone Fiends
  An iron giant (Dis:7)
  2 Ice Fiends
  An Orb Guardian (Zot:5)
  2 deep elf master archers (Elf:3)
  An ancient champion (Crypt:1)
  A tengu reaver (Vaults:2)
  A revenant (Crypt:2)
  A fire giant (Depths:3)
  A frost giant (Depths:2)
  2 vault wardens
  A cacodemon (Pan)
  A vampire knight (Crypt:1)
  A deep elf demonologist (Elf:3)
  The ghost of grizmgrazm2 the Grappler, a journeyman TrFi of Wu Jian (Lair:2)
  A war gargoyle (Dis:2)
  A yaktaur captain (Vaults:2)
  20 vault guards (Vaults:5)
  A salamander tyrant (Snake:4)
  A merfolk avatar (Shoals:3)
  An alligator snapping turtle (Shoals:3)
  A skeletal warrior (Crypt:1)
  A crystal echidna (Dis:5)
  A deep troll (Vaults:2)
  A sea snake (Vaults:4)
  An orc knight (Vaults:1)
  A lindwurm (Vaults:2)
  2 ugly things
  2 manticores
  A faun (Shoals:3)
  A cyclops (D:12)
  3 meliai (D:12)
  A black mamba (Lair:5)
  A water nymph (Shoals:2)
  A vault sentinel (Vaults:2)
  An orange demon (Pan)
  A hellion (Coc:1)
  A tormentor (Geh:6)
  2 cane toads (Lair:3)
  A komodo dragon (Lair:1)
  2 polar bears (Lair:1)
  A blink frog (Lair:1)
  10 yaks
  A warg (Lair:5)
  A basilisk (Lair:1)
  A hell hound (Lair:5)
  An orc warrior (Orc:2)
  3 black bears (Lair:5)
  An ogre (Orc:2)
  A wolf (Lair:5)
  A small abomination (Abyss:4)
  An orc priest (Orc:2)
  A hell rat (Lair:5)
  An orc wizard (Orc:2)
  An orc (D:10)
  A bat zombie (Crypt:1)
102 creatures vanquished.

Vanquished Creatures (others)
  A juggernaut (Depths:4)
  An Ice Fiend (Hell)
  An acid blob (Lair:4)
  A titan (Coc:7)
  An eldritch tentacle (Pan)
  A storm dragon (Zot:5)
  18 azure jellies
  A frost giant (Coc:7)
  A shard shrike simulacrum (Coc:4)
  A ghost moth (Zig:6)
  2 demonspawn blood saints (Pan)
  2 formless jellyfish
  A vampire knight (Depths:3)
  A starcursed mass (Zig:3)
  3 dire elephants (Vaults:4)
  A yaktaur captain (Vaults:1)
  2 blizzard demons (Pan)
  A caustic shrike simulacrum (Coc:4)
  8 great orbs of eyes
  A peacekeeper (Vaults:3)
  8 glowing orange brains
  A juggernaut simulacrum (Coc:4)
  A spriggan air mage (Depths:3)
  An ironbound frostheart (Vaults:3)
  A merfolk aquamancer (Shoals:4)
  A vampire mage (Vaults:3)
  A spriggan berserker (Depths:4)
  Sonja (Lair:4)
  2 shining eyes
  A deep troll (Vaults:3)
  A large abomination (Pan)
  3 lindwurms (Vaults:2)
  3 ironbound convokers
  A deep elf pyromancer (Elf:1)
  A moth of wrath (Zot:1)
  A black mamba (Snake:2)
  2 vault sentinels
  2 orange demons (Pan)
  A naga mage (Snake:4)
  4 smoke demons (Pan)
  2 yaktaurs
  A tormentor (Coc:1)
  2 anaconda simulacra (Coc:7)
  6 blink frogs (Lair:4)
  A raiju (Abyss:4)
  20 slime creatures
  4 yaks
  A ynoxinul (Pan)
  3 humans (D:12)
  An alligator snapping turtle simulacrum (Coc:2)
  A harpy simulacrum (Coc:7)
  2 water moccasins
  3 orc warriors
  4 black bears
  An ogre (Orc:1)
  A lemure (D:5)
  2 brain worms (Pan)
  A bullfrog (Lair:3)
  A scorpion (D:5)
  A wight (D:10)
  A killer bee (D:7)
  931 jellies
  3 orc priests
  A sleepcap (D:5)
  Jessica (D:2)
  2 iguanas
  4 orc wizards
  A hell rat (Lair:5)
  2 mummies (Tomb:3)
  An adder (D:5)
  18 orcs
  An endoplasm (D:4)
  A kobold (D:4)
  5 ball lightnings (Pan)
  4 creeping infernos
  2 starspawn tentacles (Pan)
  20 tentacles (Shoals:2)
1142 creatures vanquished.

Grand Total: 5629 creatures vanquished

Notes
Turn   | Place    | Note
-------+----------+-------------------------------------------
     0 | D:1      | confidenceinterval the Felid Shapeshifter began the quest
                  | for the Orb.
     0 | D:1      | Reached XP level 1. HP: 10/10 MP: 2/2
   162 | D:1      | Reached XP level 2. HP: 14/14 MP: 3/3
   405 | D:1      | Reached XP level 3. HP: 18/18 MP: 4/4
   775 | D:1      | Learned a level 2 spell: Scorch
   844 | D:2      | Identified the +3 whip of Kepsaq {chaos, Dex+2 Stlth+}
  1429 | D:2      | Noticed Jessica
  1461 | D:2      | Killed from afar by Jessica
  1461 | D:2      | Lost a life (0 lives remaining)
  1813 | D:3      | Reached XP level 4. HP: 17/22 MP: 5/5
  1813 | D:3      | Gained a life (1 life remaining)
  1959 | D:3      | Found an ancient bone altar of Kikubaaqudgha.
  1986 | D:3      | Reached skill level 1 in Stealth
  2165 | D:3      | Reached skill level 5 in Unarmed Combat
  2946 | D:3      | Reached skill level 1 in Fire Magic
  2946 | D:3      | Reached XP level 5. HP: 12/25 MP: 6/6
  3212 | D:4      | Noticed a black bear
  3216 | D:5      | Entered Level 5 of the Dungeon
  3227 | D:5      | Noticed a lemure
  3228 | D:5      | Noticed Pikel
  3228 | D:5      | Noticed a lemure
  3228 | D:5      | Noticed a lemure
  3442 | D:5      | Found a glowing drain.
  3445 | Sewer    | Entered a sewer
  3502 | Sewer    | Gained mutation: You are covered in thick fur. (AC +2)
                  | [Felid growth]
  3502 | Sewer    | Reached XP level 6. HP: 30/30 MP: 7/7
  3940 | Sewer    | Found a viscous altar of Jiyva.
  3960 | Sewer    | Became a worshipper of Jiyva Jalawui the Shapeless
  4232 | D:5      | Reached XP level 7. HP: 33/33 MP: 1/8
  4232 | D:5      | Gained a life (2 lives remaining)
  4427 | D:5      | Killed Pikel
  4428 | D:5      | Reached skill level 5 in Shapeshifting
  4548 | D:5      | Reached XP level 8. HP: 32/37 MP: 9/9
  4833 | D:5      | Reached * piety under Jiyva
  5524 | D:4      | Noticed Sigmund
  5535 | D:4      | Killed Sigmund
  5785 | D:4      | Found a sparkling altar of Nemelex Xobeh.
  6221 | D:6      | Reached ** piety under Jiyva
  6344 | D:6      | Identified the +0 leather armour of Negligence {Dex+5 SInv}
  6354 | D:6      | Identified the +1 ring mail of the Swan {rPois Regen+ rCorr
                  | Int-4}
  6466 | D:6      | Reached *** piety under Jiyva
  6499 | D:6      | Found a shadowy altar of Dithmenos.
  6598 | D:6      | Gained mutation: You possess an exceptional clarity of
                  | mind. [Jiyva's grace]
  6598 | D:6      | Gained mutation: You are robust. (+10% HP) [Jiyva's grace]
  6598 | D:6      | Gained mutation: You are very robust. (+20% HP) [Jiyva's
                  | grace]
  6598 | D:6      | Gained mutation: You are extremely robust. (+30% HP)
                  | [Jiyva's grace]
  6705 | D:7      | Found a white marble altar of Elyvilon.
  6788 | D:7      | Found Ifaos's Weapon Boutique.
  7015 | D:7      | Found a staircase to the Ecumenical Temple.
  7240 | D:7      | Reached XP level 9. HP: 57/57 MP: 10/10
  7271 | D:7      | Reached **** piety under Jiyva
  7304 | D:8      | Noticed Maggie
  7316 | D:8      | Killed Maggie
  7507 | D:8      | Reached skill level 5 in Fighting
  7849 | D:8      | Reached XP level 10. HP: 66/66 MP: 11/11
  8113 | D:8      | Identified the ring of New Discoveries {rPois Will+ Int+3
                  | Slay+2}
  9360 | D:9      | Lost mutation: You possess an exceptional clarity of mind.
                  | [Jiyva's grace]
  9360 | D:9      | Lost mutation: You are extremely robust. (+30% HP) [Jiyva's
                  | grace]
  9360 | D:9      | Gained mutation: You have a somewhat thin skeletal
                  | structure. (Dex +2, Stealth+) [Jiyva's grace]
  9360 | D:9      | Gained mutation: You have a moderately thin skeletal
                  | structure. (Dex +4, Stealth++) [Jiyva's grace]
  9360 | D:9      | Gained mutation: You have an unnaturally thin skeletal
                  | structure. (Dex +6, Stealth+++) [Jiyva's grace]
  9360 | D:9      | Gained mutation: Your thick and shaggy fur keeps you warm.
                  | (AC +3, rC+) [Jiyva's grace]
  9461 | D:10     | Entered Level 10 of the Dungeon
  9736 | D:10     | Reached skill level 10 in Shapeshifting
  9838 | D:10     | Found Nanul's General Store.
  9843 | D:10     | Bought a scroll of identify for 28 gold pieces
  9843 | D:10     | Bought a scroll of teleportation for 42 gold pieces
 10022 | D:10     | Found a staircase to the Orcish Mines.
 10024 | D:10     | Found Cefohaopi's Weapon Emporium.
 10259 | D:10     | Reached ***** piety under Jiyva
 10652 | D:10     | Reached XP level 11. HP: 56/66 MP: 12/12
 10908 | D:11     | Reached skill level 10 in Unarmed Combat
 11189 | D:11     | Noticed a two-headed ogre
 11199 | D:11     | Killed a two-headed ogre
 11298 | D:11     | Lost mutation: Your thick and shaggy fur keeps you warm.
                  | (AC +3, rC+) [Jiyva's grace]
 11298 | D:11     | Gained mutation: You have a small jelly attached to you
                  | that senses nearby items. [Jiyva's grace]
 11298 | D:11     | Gained mutation: Your system is resistant to poisons.
                  | (rPois) [Jiyva's grace]
 11298 | D:11     | Gained mutation: Your rubbery body absorbs attacks. (AC +1,
                  | EV +1) [Jiyva's grace]
 11298 | D:11     | Gained mutation: Your pliable body absorbs attacks. (AC +2,
                  | EV +2) [Jiyva's grace]
 11334 | D:11     | Found a staircase to the Lair.
 11513 | D:11     | Noticed Urug
 11657 | Lair:1   | Entered Level 1 of the Lair of Beasts
 11658 | Lair:1   | Upgraded the game from 0.32-a0-984-gb8cfe57ea9 to
                  | 0.32-a0-994-gabb26cbae4
 11669 | Lair:1   | Learned a level 2 spell: Jinxbite
 11680 | Lair:1   | Reached skill level 1 in Hexes
 11876 | Lair:1   | Found a snail-covered altar of Cheibriados.
 12096 | Lair:1   | Reached skill level 1 in Spellcasting
 12385 | Lair:1   | Gained mutation: Your thick and shaggy fur keeps you warm.
                  | (AC +3, rC+) [Felid growth]
 12385 | Lair:1   | Reached XP level 12. HP: 67/75 MP: 17/17
 12761 | Lair:2   | Noticed grizmgrazm2's ghost (journeyman TrFi)
 12764 | Lair:2   | Found a runed translucent door.
 12826 | Lair:2   | Reached skill level 5 in Hexes
 12949 | Lair:2   | Found a staircase to the Snake Pit.
 12977 | Lair:2   | Reached ****** piety under Jiyva
 13064 | Lair:2   | Reached skill level 5 in Stealth
 13173 | Lair:2   | Noticed an eight-headed hydra
 13350 | Lair:2   | Lost mutation: Your system is resistant to poisons. (rPois)
                  | [Jiyva's grace]
 13350 | Lair:2   | Lost mutation: Your pliable body absorbs attacks. (AC +2,
                  | EV +2) [Jiyva's grace]
 13350 | Lair:2   | Gained mutation: Your translucent skin slightly reduces
                  | your foes' accuracy. (Stealth+) [Jiyva's grace]
 13350 | Lair:2   | Gained mutation: Your translucent skin reduces your foes'
                  | accuracy. (Stealth+) [Jiyva's grace]
 13350 | Lair:2   | Gained mutation: Your transparent skin significantly
                  | reduces your foes' accuracy. (Stealth+) [Jiyva's grace]
 13350 | Lair:2   | Gained mutation: You expend magic power (3 MP) to
                  | strengthen your wands. [Jiyva's grace]
 13758 | Lair:3   | Noticed an eight-headed hydra
 13809 | Lair:3   | Reached skill level 1 in Evocations
 13829 | Lair:3   | Reached skill level 10 in Dodging
 14963 | Lair:4   | Noticed Sonja
 15166 | Lair:4   | Found a runed translucent door.
 15166 | Lair:4   | Noticed an acid blob
 15167 | Lair:4   | Noticed an acid blob
 15168 | Lair:4   | Found a staircase to the Slime Pits.
 15240 | Lair:4   | Killed Sonja
 15593 | Lair:4   | Killed an acid blob
 15646 | Lair:4   | Lost mutation: You have an unnaturally thin skeletal
                  | structure. (Dex +6, Stealth+++) [Jiyva's grace]
 15646 | Lair:4   | Lost mutation: You have a small jelly attached to you that
                  | senses nearby items. [Jiyva's grace]
 15646 | Lair:4   | Gained mutation: You have a pair of small antennae on your
                  | head. [Jiyva's grace]
 15646 | Lair:4   | Gained mutation: You have a pair of antennae on your head.
                  | [Jiyva's grace]
 15646 | Lair:4   | Gained mutation: You have a pair of large antennae on your
                  | head. (SInv) [Jiyva's grace]
 15646 | Lair:4   | Gained mutation: You are partially covered in iridescent
                  | scales. (AC +2) [Jiyva's grace]
 15809 | Lair:4   | Reached XP level 13. HP: 78/81 MP: 18/18
 16310 | Lair:5   | Entered Level 5 of the Lair of Beasts
 16859 | Lair:5   | Found a white marble altar of Elyvilon.
 16917 | Lair:5   | Reached skill level 10 in Fighting
 18005 | Lair:5   | Reached XP level 14. HP: 81/92 MP: 21/21
 18803 | Lair:2   | Found a staircase to the Shoals.
 19029 | Lair:2   | Killed grizmgrazm2's ghost
 19359 | Lair:1   | Found a snail-covered altar of Cheibriados.
 19792 | D:12     | Noticed Kirke
 19815 | D:12     | Killed Kirke
 19847 | D:12     | Lost mutation: You have a moderately thin skeletal
                  | structure. (Dex +4, Stealth++) [Jiyva's grace]
 19847 | D:12     | Lost mutation: You are very robust. (+20% HP) [Jiyva's
                  | grace]
 19847 | D:12     | Lost mutation: You are robust. (+10% HP) [Jiyva's grace]
 19847 | D:12     | Lost mutation: Your transparent skin significantly reduces
                  | your foes' accuracy. (Stealth+) [Jiyva's grace]
 19847 | D:12     | Lost mutation: You expend magic power (3 MP) to strengthen
                  | your wands. [Jiyva's grace]
 19847 | D:12     | Gained mutation: Your body has grown eyes which may confuse
                  | attackers. (Acc +3) [Jiyva's grace]
 19847 | D:12     | Gained mutation: Your body has grown many eyes which may
                  | confuse attackers. (Acc +5) [Jiyva's grace]
 19847 | D:12     | Gained mutation: Your body is covered in eyes which may
                  | confuse attackers. (Acc +7, SInv) [Jiyva's grace]
 19847 | D:12     | Gained mutation: You are mostly covered in iridescent
                  | scales. (AC +4) [Jiyva's grace]
 19849 | D:12     | Noticed Psyche
 19859 | D:12     | Killed Psyche
 20805 | D:13     | Noticed Josephine
 20815 | D:13     | Killed Josephine
 20950 | D:13     | Found a gate to the Vaults.
 21466 | D:13     | Found Wuunud's Vocational Training.
 21503 | D:13     | Reached skill level 15 in Unarmed Combat
 21710 | D:14     | Lost mutation: You have a pair of large antennae on your
                  | head. (SInv) [Jiyva's grace]
 21710 | D:14     | Lost mutation: You have a pair of antennae on your head.
                  | [Jiyva's grace]
 21710 | D:14     | Lost mutation: You have a pair of small antennae on your
                  | head. [Jiyva's grace]
 21710 | D:14     | Lost mutation: You are mostly covered in iridescent scales.
                  | (AC +4) [Jiyva's grace]
 21710 | D:14     | Lost mutation: Your body is covered in eyes which may
                  | confuse attackers. (Acc +7, SInv) [Jiyva's grace]
 21710 | D:14     | Lost mutation: Your body has grown many eyes which may
                  | confuse attackers. (Acc +5) [Jiyva's grace]
 21710 | D:14     | Lost mutation: Your translucent skin reduces your foes'
                  | accuracy. (Stealth+) [Jiyva's grace]
 21710 | D:14     | Gained mutation: You have a small jelly attached to you
                  | that may absorb projectiles. [Jiyva's grace]
 21710 | D:14     | Gained mutation: Your flesh is heat resistant. (rF+)
                  | [Jiyva's grace]
 21710 | D:14     | Gained mutation: Your flesh is very heat resistant. (rF++)
                  | [Jiyva's grace]
 21710 | D:14     | Gained mutation: Your flesh is almost immune to the effects
                  | of heat. (rF+++) [Jiyva's grace]
 22070 | Orc:1    | Entered Level 1 of the Orcish Mines
 22070 | Orc:1    | Found a roughly hewn altar of Beogh.
 22585 | Orc:1    | Found a shimmering blue altar of Sif Muna.
 22760 | Orc:1    | Found a roughly hewn altar of Beogh.
 22942 | Orc:2    | Entered Level 2 of the Orcish Mines
 22942 | Orc:2    | Noticed an orc warlord
 22968 | Orc:1    | Killed an orc warlord
 23084 | Orc:1    | Reached XP level 15. HP: 65/84 MP: 22/22
 23573 | Orc:2    | Found Taetiyci's Armour Shop.
 23716 | Orc:2    | Found Faxtejol's Antique Weapon Emporium.
 23737 | Orc:2    | Found Pealiepp's Jewellery Boutique.
 23738 | Orc:2    | Found Kuuseune's Weapon Shop.
 23777 | Orc:2    | Found a staircase to the Elven Halls.
 24219 | Orc:2    | Bought the ring of Miracles {rPois Str+5 Dex+6} for 980
                  | gold pieces
 24406 | D:13     | HP: 2/84 [meliai/divine providence (10)]
 24619 | D:13     | Reached skill level 5 in Fire Magic
 25293 | D:14     | Lost mutation: Your flesh is almost immune to the effects
                  | of heat. (rF+++) [Jiyva's grace]
 25293 | D:14     | Lost mutation: Your rubbery body absorbs attacks. (AC +1,
                  | EV +1) [Jiyva's grace]
 25293 | D:14     | Gained mutation: You have a pair of small horns on your
                  | head. [Jiyva's grace]
 25293 | D:14     | Gained mutation: You have a pair of horns on your head.
                  | [Jiyva's grace]
 25293 | D:14     | Gained mutation: You have a pair of large horns on your
                  | head. [Jiyva's grace]
 25293 | D:14     | Gained mutation: You possess an exceptional clarity of
                  | mind. [Jiyva's grace]
 25674 | D:15     | Entered Level 15 of the Dungeon
 25688 | D:15     | Learned a level 7 spell: Manifold Assault
 25713 | D:15     | Reached skill level 1 in Translocations
 25906 | D:15     | Found a transporter.
 25981 | D:15     | Noticed a frost giant
 25984 | D:15     | Found a transporter.
 25984 | D:15     | Noticed flt's ghost (adept OnWn)
 26007 | D:15     | Reached skill level 5 in Spellcasting
 26041 | D:15     | Found a staircase to the Depths.
 26149 | D:15     | Found a white marble altar of Elyvilon.
 26152 | D:15     | Found a glowing silver altar of Zin.
 26155 | D:15     | Found a glowing golden altar of the Shining One.
 26462 | D:15     | Found a white marble altar of Elyvilon.
 26465 | D:15     | Found a glowing silver altar of Zin.
 26468 | D:15     | Found a glowing golden altar of the Shining One.
 26520 | D:15     | Found a transporter.
 26523 | D:15     | Found a transporter.
 26540 | D:15     | Found a staircase to the Depths.
 26793 | Snake:1  | Entered Level 1 of the Snake Pit
 26808 | Snake:1  | Reached skill level 5 in Translocations
 27117 | Snake:1  | Learned a level 4 spell: Iskenderun's Mystic Blast
 27169 | Snake:1  | Reached skill level 1 in Conjurations
 27383 | Snake:1  | Found Imaacemp's Antique Armour Shop.
 27562 | Snake:1  | Lost mutation: You have a pair of large horns on your head.
                  | [Jiyva's grace]
 27562 | Snake:1  | Lost mutation: You have a pair of horns on your head.
                  | [Jiyva's grace]
 27562 | Snake:1  | Lost mutation: You have a somewhat thin skeletal structure.
                  | (Dex +2, Stealth+) [Jiyva's grace]
 27562 | Snake:1  | Gained mutation: Your translucent skin reduces your foes'
                  | accuracy. (Stealth+) [Jiyva's grace]
 27562 | Snake:1  | Gained mutation: Your transparent skin significantly
                  | reduces your foes' accuracy. (Stealth+) [Jiyva's grace]
 27562 | Snake:1  | Gained mutation: Your melee attacks may engulf your foes in
                  | ooze. [Jiyva's grace]
 27562 | Snake:1  | Gained mutation: Your natural rate of healing is unusually
                  | fast. [Jiyva's grace]
 27677 | Snake:1  | Reached XP level 16. HP: 69/88 MP: 26/26
 28635 | Snake:2  | Found Filijul's General Store.
 28639 | Snake:2  | Found Masaeh's Magic Scroll Emporium.
 28639 | Snake:2  | Found Vuacs's Armour Shoppe.
 28642 | Snake:2  | Found Jaubleg's General Store.
 28650 | Snake:2  | Bought a scroll of identify for 38 gold pieces
 28650 | Snake:2  | Bought a scroll of identify for 38 gold pieces
 28659 | Snake:2  | Bought a scroll of identify for 36 gold pieces
 28660 | Snake:2  | Bought a scroll of teleportation for 54 gold pieces
 28660 | Snake:2  | Bought a potion of heal wounds for 90 gold pieces
 28668 | Snake:2  | Bought a scroll of teleportation for 48 gold pieces
 28668 | Snake:2  | Bought a scroll of teleportation for 48 gold pieces
 28775 | Snake:2  | You fall into a shaft and drop 1 floor!
 28789 | Snake:3  | Found Hearetig's Weapon Shoppe.
 28848 | Snake:3  | Reached skill level 10 in Translocations
 29885 | Snake:3  | Found Arphep's Distillery.
 30053 | Snake:3  | Lost mutation: You are partially covered in iridescent
                  | scales. (AC +2) [Jiyva's grace]
 30053 | Snake:3  | Lost mutation: Your transparent skin significantly reduces
                  | your foes' accuracy. (Stealth+) [Jiyva's grace]
 30053 | Snake:3  | Lost mutation: You have a small jelly attached to you that
                  | may absorb projectiles. [Jiyva's grace]
 30053 | Snake:3  | Lost mutation: Your melee attacks may engulf your foes in
                  | ooze. [Jiyva's grace]
 30053 | Snake:3  | Gained mutation: You are resistant to electric shocks.
                  | (rElec) [Jiyva's grace]
 30053 | Snake:3  | Gained mutation: You are robust. (+10% HP) [Jiyva's grace]
 30053 | Snake:3  | Gained mutation: You are very robust. (+20% HP) [Jiyva's
                  | grace]
 30053 | Snake:3  | Gained mutation: You are extremely robust. (+30% HP)
                  | [Jiyva's grace]
 30517 | Snake:4  | Entered Level 4 of the Snake Pit
 30545 | Snake:4  | Found Xaiseej's Antique Armour Emporium.
 30743 | Snake:4  | Upgraded the game from 0.32-a0-994-gabb26cbae4 to
                  | 0.32-a0-996-gb3226c233f
 31443 | Snake:4  | Noticed Nikola
 31452 | Snake:4  | Killed Nikola
 32457 | Snake:4  | Reached skill level 15 in Dodging
 34268 | Snake:4  | Reached XP level 17. HP: 123/123 MP: 26/28
 34275 | Snake:4  | Got a serpentine rune of Zot
 34852 | D:11     | Killed Urug
 34938 | Shoals:1 | Entered Level 1 of the Shoals
 35151 | Shoals:1 | Reached skill level 15 in Translocations
 35473 | Shoals:1 | Noticed Frances
 35716 | Lair:2   | Killed Frances
 37732 | Shoals:2 | Noticed a kraken
 38534 | Shoals:3 | Lost mutation: Your flesh is very heat resistant. (rF++)
                  | [Jiyva's grace]
 38534 | Shoals:3 | Lost mutation: Your flesh is heat resistant. (rF+) [Jiyva's
                  | grace]
 38534 | Shoals:3 | Lost mutation: You are extremely robust. (+30% HP) [Jiyva's
                  | grace]
 38534 | Shoals:3 | Gained mutation: Your rubbery body absorbs attacks. (AC +1,
                  | EV +1) [Jiyva's grace]
 38534 | Shoals:3 | Gained mutation: Your pliable body absorbs attacks. (AC +2,
                  | EV +2) [Jiyva's grace]
 38534 | Shoals:3 | Gained mutation: Your gelatinous body deflects attacks. (AC
                  | +3, EV +3) [Jiyva's grace]
 38534 | Shoals:3 | Gained mutation: You passively map a small area around you.
                  | [Jiyva's grace]
 38574 | Shoals:3 | Noticed Polyphemus
 38777 | Shoals:2 | Killed a kraken
 39150 | Shoals:2 | Identified the +1 animal skin "Ythram" {rElec rPois rCorr
                  | Dex-5}
 40835 | Shoals:3 | Killed Polyphemus
 41425 | Shoals:3 | Reached XP level 18. HP: 107/122 MP: 3/29
 41438 | Shoals:3 | Identified the +7 tower shield of Beogh's Whim {Fly Stlth+}
 41519 | Shoals:4 | Entered Level 4 of the Shoals
 41929 | Shoals:4 | Got a barnacled rune of Zot
 42187 | Shoals:4 | Found Fifefukhlu's Jewellery Emporium.
 42193 | Shoals:4 | Found Ojukh's Magic Scroll Emporium.
 42403 | Shoals:4 | Found a transporter.
 42406 | Shoals:4 | Found a transporter.
 42414 | Shoals:4 | Found Doosil's Antique Weapon Shop.
 42459 | Shoals:4 | Found Etzye's Jewellery Emporium.
 42597 | Shoals:4 | Found Nuqaomn's Magic Scroll Emporium.
 42659 | Shoals:4 | Noticed Mara
 42664 | Shoals:4 | Killed Mara
 42677 | Shoals:4 | Lost mutation: You possess an exceptional clarity of mind.
                  | [Jiyva's grace]
 42677 | Shoals:4 | Lost mutation: You are resistant to electric shocks.
                  | (rElec) [Jiyva's grace]
 42677 | Shoals:4 | Lost mutation: Your gelatinous body deflects attacks. (AC
                  | +3, EV +3) [Jiyva's grace]
 42677 | Shoals:4 | Lost mutation: Your pliable body absorbs attacks. (AC +2,
                  | EV +2) [Jiyva's grace]
 42677 | Shoals:4 | Gained mutation: You are somewhat resistant to further
                  | mutation. [Jiyva's grace]
 42677 | Shoals:4 | Gained mutation: You are somewhat resistant to both further
                  | mutation and mutation removal. [Jiyva's grace]
 42677 | Shoals:4 | Gained mutation: You are almost entirely resistant to
                  | further mutation and mutation removal. [Jiyva's grace]
 42677 | Shoals:4 | Gained mutation: Your body has grown many eyes which may
                  | confuse attackers. (Acc +5) [Jiyva's grace]
 42686 | Shoals:4 | Found a transporter.
 42707 | Shoals:4 | Found a transporter.
 42720 | Shoals:4 | Identified the +1 robe "Piog" {rC+ rN++}
 42871 | Shoals:4 | Found a transporter.
 42874 | Shoals:4 | Found a transporter.
 43135 | Slime:1  | Entered Level 1 of the Pits of Slime
 43244 | Slime:5  | Entered Level 5 of the Pits of Slime
 43264 | Slime:5  | Found a viscous altar of Jiyva.
 43269 | Slime:5  | Noticed the Royal Jelly
 43308 | Slime:5  | Identified the ring "Ihiharug" {rF++ rN+ Str+3}
 43440 | Slime:5  | Got Sif Muna's Discourse on Petrous Mortality
 43442 | Slime:5  | Got a starry gem with 314 turns to spare
 43444 | Slime:5  | Got a slimy rune of Zot
 43445 | Slime:5  | Identified the ring "Yqutusk" {rPois Str+3 SInv Stlth+}
 43447 | Slime:5  | Identified the +12 dagger of the Vaults {freeze, rElec
                  | Int+6}
 44299 | D:2      | Killed Jessica
 45201 | Vaults:1 | Entered Level 1 of the Vaults
 46171 | Vaults:1 | Noticed Norris
 46196 | Vaults:1 | Killed Norris
 47024 | Vaults:2 | Reached XP level 19. HP: 96/127 MP: 12/32
 47115 | Vaults:2 | Found the +15 Maxwell's patent armour {-Cast -Tele rElec
                  | Will+ rCorr}
 47130 | Vaults:2 | Identified the +0 plate armour of the Singing Gods {Fly rN+
                  | Dex+3}
 47257 | Vaults:2 | Found a runed translucent gate.
 47257 | Vaults:2 | Found a runed translucent gate.
 47259 | Vaults:2 | Found a runed translucent gate.
 47259 | Vaults:2 | Noticed Haizemp's ghost (adept OpHW)
 47264 | Vaults:2 | Lost mutation: You are almost entirely resistant to further
                  | mutation and mutation removal. [Jiyva's grace]
 47264 | Vaults:2 | Lost mutation: Your body has grown many eyes which may
                  | confuse attackers. (Acc +5) [Jiyva's grace]
 47264 | Vaults:2 | Lost mutation: Your translucent skin reduces your foes'
                  | accuracy. (Stealth+) [Jiyva's grace]
 47264 | Vaults:2 | Gained mutation: Armour fits poorly on your pseudopods.
                  | [Jiyva's grace]
 47264 | Vaults:2 | Gained mutation: Armour fits poorly on your large
                  | pseudopods. [Jiyva's grace]
 47264 | Vaults:2 | Gained mutation: Armour fits poorly on your massive
                  | pseudopods. [Jiyva's grace]
 47264 | Vaults:2 | Gained mutation: Your spells are a little harder to cast,
                  | but a little more powerful. [Jiyva's grace]
 47700 | Vaults:2 | Found Mumabof's Weapon Boutique.
 48108 | Vaults:2 | Killed Haizemp's ghost
 48114 | Vaults:2 | Got the Incunable of the Commander
 48544 | Vaults:3 | Found a glowing golden altar of the Shining One.
 48653 | Vaults:3 | Identified the +2 pair of boots of the Game of Kings {rElec
                  | rCorr Str-5 Stlth+}
 48896 | Vaults:3 | Found a staircase to the Crypt.
 48942 | Vaults:3 | Reached skill level 15 in Shapeshifting
 49433 | Vaults:4 | Lost mutation: You passively map a small area around you.
                  | [Jiyva's grace]
 49433 | Vaults:4 | Lost mutation: Armour fits poorly on your massive
                  | pseudopods. [Jiyva's grace]
 49433 | Vaults:4 | Lost mutation: Armour fits poorly on your large pseudopods.
                  | [Jiyva's grace]
 49433 | Vaults:4 | Gained mutation: You expend magic power (3 MP) to
                  | strengthen your wands. [Jiyva's grace]
 49433 | Vaults:4 | Gained mutation: You heal very quickly. [Jiyva's grace]
 49433 | Vaults:4 | Gained mutation: You regenerate. [Jiyva's grace]
 49433 | Vaults:4 | Gained mutation: You are partially covered in iridescent
                  | scales. (AC +2) [Jiyva's grace]
 49984 | Vaults:4 | Identified the orb of the Harp {*Rage, Str+5}
 50207 | Vaults:4 | Reached XP level 20. HP: 98/133 MP: 34/34
 50234 | Vaults:4 | Found Cepsoucs's Book Boutique.
 50951 | Elf:1    | Entered Level 1 of the Elven Halls
 51386 | Elf:1    | Lost mutation: You are partially covered in iridescent
                  | scales. (AC +2) [Jiyva's grace]
 51386 | Elf:1    | Lost mutation: You are very robust. (+20% HP) [Jiyva's
                  | grace]
 51386 | Elf:1    | Lost mutation: Your body has grown eyes which may confuse
                  | attackers. (Acc +3) [Jiyva's grace]
 51386 | Elf:1    | Lost mutation: Your rubbery body absorbs attacks. (AC +1,
                  | EV +1) [Jiyva's grace]
 51386 | Elf:1    | Gained mutation: Your spells are harder to cast, but more
                  | powerful. [Jiyva's grace]
 51386 | Elf:1    | Gained mutation: Your spells are much harder to cast, but
                  | much more powerful. [Jiyva's grace]
 51386 | Elf:1    | Gained mutation: Your melee attacks may engulf your foes in
                  | ooze. [Jiyva's grace]
 51386 | Elf:1    | Gained mutation: You have a pair of horns on your head.
                  | [Jiyva's grace]
 52182 | Elf:2    | Paralysed by an air elemental for 1 turns
 52407 | Elf:2    | Found a runed translucent gate.
 52407 | Elf:2    | Found a runed translucent gate.
 52409 | Elf:2    | Found a runed translucent gate.
 52757 | Elf:3    | Entered Level 3 of the Elven Halls
 52849 | Elf:3    | Reached skill level 15 in Fighting
 52880 | Elf:3    | Found Tuzerosi's Magic Scroll Emporium.
 52882 | Elf:3    | Found Buint's Book Shoppe.
 52884 | Elf:3    | Found Gicah's Weapon Emporium.
 52895 | Elf:3    | Bought a scroll of blinking for 112 gold pieces
 53022 | Elf:3    | Noticed Saint Roka
 53057 | Elf:3    | Killed Saint Roka
 53087 | Elf:3    | Found Usium's Jewellery Shop.
 53225 | Elf:3    | Lost mutation: You are somewhat resistant to both further
                  | mutation and mutation removal. [Jiyva's grace]
 53225 | Elf:3    | Lost mutation: Your spells are much harder to cast, but
                  | much more powerful. [Jiyva's grace]
 53225 | Elf:3    | Lost mutation: Your spells are harder to cast, but more
                  | powerful. [Jiyva's grace]
 53225 | Elf:3    | Lost mutation: Your translucent skin slightly reduces your
                  | foes' accuracy. (Stealth+) [Jiyva's grace]
 53225 | Elf:3    | Gained mutation: Your skin changes colour to match your
                  | surroundings (Stealth+). [Jiyva's grace]
 53225 | Elf:3    | Gained mutation: Your skin blends seamlessly with your
                  | surroundings (Stealth++). [Jiyva's grace]
 53225 | Elf:3    | Gained mutation: Your skin perfectly mimics your
                  | surroundings (Stealth+++). [Jiyva's grace]
 53225 | Elf:3    | Gained mutation: Armour fits poorly on your large
                  | pseudopods. [Jiyva's grace]
 53344 | Elf:3    | Found a radiant altar of Vehumet.
 53848 | Elf:3    | Identified the ring of Ikhlikyr {rPois Will+ Str+6}
 54105 | Elf:3    | Noticed Asterion
 54111 | Elf:3    | Killed Asterion
 54143 | Elf:3    | Reached XP level 21. HP: 45/128 MP: 13/35
 54327 | Elf:3    | Identified the staff of Winter {rElec Dex+7 Air}
 54329 | Elf:3    | Identified the +7 plate armour "Wahoiwio" {Will+ MP+9
                  | Stlth+}
 54330 | Elf:3    | Identified the +6 falchion of Ipnef {flame, Will++ rCorr
                  | Dex+3 Stlth-}
 54389 | Elf:3    | Identified the storm talisman "Budosejo" {Int+4 Dex+2}
 55073 | Crypt:1  | Entered Level 1 of the Crypt
 55218 | Crypt:1  | HP: 6/128 [ancient champion/iron shot (31)]
 56228 | Crypt:1  | Got Pahow's Tome of Resurrection
 56706 | Crypt:2  | Found a basalt altar of Yredelemnul.
 57046 | Crypt:2  | Noticed Xtahua
 57064 | Crypt:2  | Killed Xtahua
 57090 | Crypt:2  | Noticed Sojobo
 57119 | Crypt:2  | Killed Sojobo
 57305 | Crypt:2  | Identified the +3 robe "Xeusanom" {Fly Str+4}
 57305 | Crypt:2  | Noticed Boris
 57309 | Crypt:2  | Killed Boris
 57357 | Crypt:2  | Lost mutation: You expend magic power (3 MP) to strengthen
                  | your wands. [Jiyva's grace]
 57357 | Crypt:2  | Gained mutation: You have a pair of large horns on your
                  | head. [Jiyva's grace]
 57357 | Crypt:2  | Gained mutation: Armour fits poorly on your massive
                  | pseudopods. [Jiyva's grace]
 57357 | Crypt:2  | Gained mutation: You are strong-willed. (Will+) [Jiyva's
                  | grace]
 57357 | Crypt:2  | Gained mutation: You are highly strong-willed. (Will++)
                  | [Jiyva's grace]
 57428 | Crypt:2  | Found an ancient bone altar of Kikubaaqudgha.
 57550 | Crypt:3  | Entered Level 3 of the Crypt
 57617 | Crypt:3  | Reached XP level 22. HP: 134/134 MP: 6/36
 58198 | Crypt:3  | Noticed Bai Suzhen
 58210 | Crypt:3  | Killed Bai Suzhen
 58426 | Crypt:3  | Found an ancient bone altar of Kikubaaqudgha.
 58436 | Crypt:3  | Noticed a dread lich
 58442 | Crypt:3  | Killed a dread lich
 58464 | Crypt:3  | Identified the +3 quarterstaff "Killer Klown's Bane" {pain,
                  | Will+ Str+4 SInv}
 58476 | Crypt:3  | Noticed a dread lich
 58485 | Crypt:3  | Killed a dread lich
 58729 | Crypt:3  | Identified the ring "Tabam" {rPois rC++ Int+2 Dex+2 SInv}
 58815 | Crypt:3  | Found a staircase to the Tomb.
 60923 | Orc:2    | Identified 2 scrolls of acquirement
 60924 | Orc:2    | Acquired a manual of Conjurations
 60927 | Orc:2    | Acquired the amulet of Due Proportion {rElec rPois RegenMP+
                  | Int+4 Slay-5}
 60947 | Orc:2    | Learned a level 7 spell: Enfeeble
 61092 | Depths:1 | Entered Level 1 of the Depths
 61164 | Depths:1 | Found a gateway to Hell.
 61402 | Depths:1 | Lost mutation: Your melee attacks may engulf your foes in
                  | ooze. [Jiyva's grace]
 61402 | Depths:1 | Gained mutation: You have acidic saliva. [Jiyva's grace]
 61402 | Depths:1 | Gained mutation: You have a small jelly attached to you
                  | that senses nearby items. [Jiyva's grace]
 61402 | Depths:1 | Gained mutation: Your mind is acute. (Int +4, Str/Dex -1)
                  | [Jiyva's grace]
 61402 | Depths:1 | Gained mutation: Your mind is very acute. (Int +8, Str/Dex
                  | -2) [Jiyva's grace]
 61576 | Depths:1 | Found an ornate altar of the Wu Jian Council.
 61779 | Depths:1 | Found a portal to a secret trove of treasure.
 62025 | Depths:2 | Found a stormy altar of Qazlal.
 62479 | Depths:2 | Reached XP level 23. HP: 138/138 MP: 12/37
 62481 | Depths:2 | Reached skill level 10 in Hexes
 63224 | Depths:2 | Found a one-way gate leading to the halls of Pandemonium.
 63243 | Depths:2 | Found a one-way gate to the infinite horrors of the Abyss.
 63289 | Depths:2 | Noticed a royal mummy
 63294 | Depths:2 | Noticed a royal mummy
 63301 | Depths:2 | Killed a royal mummy
 63303 | Depths:2 | Noticed a royal mummy
 63314 | Depths:2 | Killed a royal mummy
 63316 | Depths:2 | Killed a royal mummy
 63332 | Depths:2 | Found the +7 sceptre of Torment {pain, torment}
 63576 | Depths:3 | Identified the +3 robe of Patterns {rPois}
 63576 | Depths:3 | Noticed Boris
 63582 | Depths:3 | Killed Boris
 63745 | Depths:3 | Reached skill level 15 in Hexes
 63746 | Depths:3 | Lost mutation: You have a pair of large horns on your head.
                  | [Jiyva's grace]
 63746 | Depths:3 | Lost mutation: You are highly strong-willed. (Will++)
                  | [Jiyva's grace]
 63746 | Depths:3 | Lost mutation: You are somewhat resistant to further
                  | mutation. [Jiyva's grace]
 63746 | Depths:3 | Gained mutation: You have hidden genetic potential.
                  | [Jiyva's grace]
 63746 | Depths:3 | Gained mutation: You have great hidden genetic potential.
                  | [Jiyva's grace]
 63746 | Depths:3 | Gained mutation: You are partially covered in iridescent
                  | scales. (AC +2) [Jiyva's grace]
 63746 | Depths:3 | Gained mutation: You are mostly covered in iridescent
                  | scales. (AC +4) [Jiyva's grace]
 64204 | Depths:3 | You are sucked into a shaft and drop 1 floor!
 64204 | Depths:4 | Entered Level 4 of the Depths
 64403 | Depths:4 | Killed a juggernaut
 64450 | Depths:4 | Found a one-way gateway to a ziggurat.
 64597 | Depths:4 | Identified the +4 robe of Spite {Int+5}
 64597 | Depths:4 | Noticed Boris
 64607 | Depths:4 | Killed Boris
 65033 | Depths:4 | Found a sparkling altar of Nemelex Xobeh.
 65194 | Depths:4 | Found a gate to the Realm of Zot.
 65397 | Depths:3 | Identified the orb of the Slightly Bent {light, rC+ Stlth-
                  | Earth}
 65397 | Depths:3 | Noticed Frederick
 65407 | Depths:3 | Killed Frederick
 65409 | Depths:3 | Noticed Mennas
 65456 | Depths:3 | Killed Mennas
 65495 | Depths:3 | Found an opulent altar of Gozag.
 65651 | Depths:1 | You paid a toll of 4 scrolls of blinking to enter a
                  | treasure trove
 65652 | Trove    | Entered a treasure trove
 65659 | Trove    | Identified the ring "Nigikou" {rC++ rN+}
 65669 | Trove    | Identified the ring of Music {rC+ Will+ Stlth+}
 65909 | Vaults:4 | Bought a book of the Warp for 1364 gold pieces
 65909 | Vaults:4 | Bought the Unrestrained Analects for 968 gold pieces
 65918 | Vaults:4 | Learned a level 8 spell: Disjunction
 65927 | Vaults:4 | Learned a level 8 spell: Discord
 65959 | Vaults:5 | Entered Level 5 of the Vaults
 65967 | Vaults:5 | Reached XP level 24. HP: 143/144 MP: 37/37
 66140 | Vaults:5 | Lost mutation: You are mostly covered in iridescent scales.
                  | (AC +4) [Jiyva's grace]
 66140 | Vaults:5 | Lost mutation: Your mind is very acute. (Int +8, Str/Dex
                  | -2) [Jiyva's grace]
 66140 | Vaults:5 | Lost mutation: You regenerate. [Jiyva's grace]
 66140 | Vaults:5 | Gained mutation: Your flesh is cold resistant. (rC+)
                  | [Jiyva's grace]
 66140 | Vaults:5 | Gained mutation: Your flesh is very cold resistant. (rC++)
                  | [Jiyva's grace]
 66140 | Vaults:5 | Gained mutation: Your flesh is almost immune to the effects
                  | of cold. (rC+++) [Jiyva's grace]
 66140 | Vaults:5 | Gained mutation: You possess an exceptional clarity of
                  | mind. [Jiyva's grace]
 66241 | Vaults:5 | Gained mutation: You regenerate. [hidden potential]
 66259 | Vaults:5 | Identified the +6 sling of Linearity {freeze, Fly Int+2}
 66301 | Vaults:5 | Noticed an ancient lich
 66305 | Vaults:5 | Identified the +6 flail "Impbane" {freeze, rPois Int-5
                  | Dex+6 SInv}
 66305 | Vaults:5 | Identified the +6 shortbow of Elyalamo {heavy, rCorr Int+4}
 66320 | Vaults:5 | Killed an ancient lich
 66360 | Vaults:5 | Identified the staff of the Shifting Fool {*Corrode Fly
                  | rPois Dex+3 Ice Alchemy}
 66412 | Vaults:5 | Acquired a manual of Fire Magic
 66439 | Vaults:5 | Identified the +6 battleaxe "Nihaarr" {vamp, MP+9}
 66495 | Vaults:5 | Identified the +2 quarterstaff "Jellybane" {spect, rF+}
 66506 | Vaults:5 | Got a silver rune of Zot
 66856 | Vaults:5 | Reached skill level 10 in Fire Magic
 67526 | Zot:1    | Entered Level 1 of the Realm of Zot
 67675 | Zot:1    | Identified the maw talisman "Miul" {rElec}
 67851 | Zot:1    | Lost mutation: Your skin perfectly mimics your surroundings
                  | (Stealth+++). [Jiyva's grace]
 67851 | Zot:1    | Lost mutation: You possess an exceptional clarity of mind.
                  | [Jiyva's grace]
 67851 | Zot:1    | Lost mutation: You are strong-willed. (Will+) [Jiyva's
                  | grace]
 67851 | Zot:1    | Lost mutation: You regenerate. [Jiyva's grace]
 67851 | Zot:1    | Lost mutation: You have acidic saliva. [Jiyva's grace]
 67851 | Zot:1    | Lost mutation: You have a small jelly attached to you that
                  | senses nearby items. [Jiyva's grace]
 67851 | Zot:1    | Gained mutation: Your melee attacks may engulf your foes in
                  | ooze. [Jiyva's grace]
 67851 | Zot:1    | Gained mutation: You are strong-willed. (Will+) [Jiyva's
                  | grace]
 67851 | Zot:1    | Gained mutation: You are highly strong-willed. (Will++)
                  | [Jiyva's grace]
 67851 | Zot:1    | Gained mutation: You are extremely strong-willed. (Will+++)
                  | [Jiyva's grace]
 68188 | Zot:1    | Noticed an orb of fire
 68205 | Zot:1    | Lost mutation: You have great hidden genetic potential. [an
                  | orb of fire]
 68207 | Zot:1    | Killed an orb of fire
 68410 | Zot:1    | Reached XP level 25. HP: 110/148 MP: 28/37
 68606 | Zot:2    | Reached skill level 10 in Spellcasting
 69024 | Zot:2    | Gained mutation: You have a pair of large horns on your
                  | head. [hidden potential]
 69024 | Zot:2    | Lost mutation: You have hidden genetic potential. [hidden
                  | potential expressed]
 69354 | Zot:3    | Noticed an ancient lich
 69363 | Zot:3    | Killed an ancient lich
 69573 | Zot:3    | Lost mutation: You have a pair of large horns on your head.
                  | [Jiyva's grace]
 69573 | Zot:3    | Lost mutation: You are extremely strong-willed. (Will+++)
                  | [Jiyva's grace]
 69573 | Zot:3    | Lost mutation: Your melee attacks may engulf your foes in
                  | ooze. [Jiyva's grace]
 69573 | Zot:3    | Gained mutation: You have acidic saliva. [Jiyva's grace]
 69573 | Zot:3    | Gained mutation: Your mind is very acute. (Int +8, Str/Dex
                  | -2) [Jiyva's grace]
 69573 | Zot:3    | Gained mutation: Your spells are harder to cast, but more
                  | powerful. [Jiyva's grace]
 69573 | Zot:3    | Gained mutation: Your spells are much harder to cast, but
                  | much more powerful. [Jiyva's grace]
 70043 | Zot:3    | Noticed an ancient lich
 70066 | Zot:3    | Killed an ancient lich
 70099 | Zot:3    | You are sucked into a shaft and drop 1 floor!
 71004 | Zot:4    | Lost mutation: You have a pair of horns on your head.
                  | [Jiyva's grace]
 71004 | Zot:4    | Lost mutation: You are partially covered in iridescent
                  | scales. (AC +2) [Jiyva's grace]
 71004 | Zot:4    | Lost mutation: Your mind is very acute. (Int +8, Str/Dex
                  | -2) [Jiyva's grace]
 71004 | Zot:4    | Lost mutation: Your mind is acute. (Int +4, Str/Dex -1)
                  | [Jiyva's grace]
 71004 | Zot:4    | Lost mutation: You heal very quickly. [Jiyva's grace]
 71004 | Zot:4    | Lost mutation: You are robust. (+10% HP) [Jiyva's grace]
 71004 | Zot:4    | Lost mutation: You have acidic saliva. [Jiyva's grace]
 71004 | Zot:4    | Lost mutation: Armour fits poorly on your massive
                  | pseudopods. [Jiyva's grace]
 71004 | Zot:4    | Gained mutation: Your mind is acute. (Int +4, Str/Dex -1)
                  | [Jiyva's grace]
 71004 | Zot:4    | Gained mutation: Your mind is very acute. (Int +8, Str/Dex
                  | -2) [Jiyva's grace]
 71004 | Zot:4    | Gained mutation: Your melee attacks may engulf your foes in
                  | ooze. [Jiyva's grace]
 71004 | Zot:4    | Gained mutation: Your muscles are strong. (Str +4, Int/Dex
                  | -1) [Jiyva's grace]
 71474 | Zot:5    | Entered Level 5 of the Realm of Zot
 71522 | Zot:5    | Found a transporter.
 71526 | Zot:5    | Found a transporter.
 71693 | Zot:5    | Reached XP level 26. HP: 142/142 MP: 26/39
 71817 | Zot:5    | Found a transporter.
 71836 | Zot:5    | Found a transporter.
 72313 | Zot:5    | Paralysed by a Zot trap for 3 turns
 72335 | Zot:5    | Noticed an orb of fire
 72352 | Zot:5    | Killed an orb of fire
 72447 | Zot:5    | Noticed a dread lich
 72458 | Zot:5    | Noticed an orb of fire
 72459 | Zot:5    | Killed a dread lich
 72473 | Zot:5    | Killed an orb of fire
 72479 | Zot:5    | Noticed an orb of fire
 72489 | Zot:5    | Noticed an orb of fire
 72509 | Zot:5    | Killed an orb of fire
 72509 | Zot:5    | Noticed a dread lich
 72513 | Zot:5    | Killed an orb of fire
 72516 | Zot:5    | Noticed a dread lich
 72562 | Zot:5    | Killed a dread lich
 72575 | Zot:5    | Killed a dread lich
 72960 | Hell     | Entered the Vestibule of Hell
 72960 | Hell     | Noticed Geryon
 73010 | Hell     | Killed Geryon
 73093 | Hell     | Noticed an ancient lich
 73097 | Hell     | Killed an ancient lich
 73137 | Hell     | Found a gateway to the decaying netherworld of Tartarus.
 73297 | Hell     | Found a gateway to the freezing wastes of Cocytus.
 73552 | Hell     | Found a gateway to the Iron City of Dis.
 73558 | Hell     | Reached skill level 5 in Evocations
 73650 | Hell     | Found a gateway to the ashen valley of Gehenna.
 73786 | Geh:1    | Entered Level 1 of Gehenna
 73856 | Geh:1    | Noticed an ancient lich
 73860 | Geh:1    | Killed an ancient lich
 73861 | Geh:1    | Reached XP level 27. HP: 136/145 MP: 7/40
 74627 | Geh:3    | Lost mutation: Your mind is very acute. (Int +8, Str/Dex
                  | -2) [Jiyva's grace]
 74627 | Geh:3    | Lost mutation: Your flesh is almost immune to the effects
                  | of cold. (rC+++) [Jiyva's grace]
 74627 | Geh:3    | Lost mutation: Your flesh is very cold resistant. (rC++)
                  | [Jiyva's grace]
 74627 | Geh:3    | Lost mutation: You are highly strong-willed. (Will++)
                  | [Jiyva's grace]
 74627 | Geh:3    | Lost mutation: Your muscles are strong. (Str +4, Int/Dex
                  | -1) [Jiyva's grace]
 74627 | Geh:3    | Lost mutation: Your spells are much harder to cast, but
                  | much more powerful. [Jiyva's grace]
 74627 | Geh:3    | Lost mutation: Armour fits poorly on your large pseudopods.
                  | [Jiyva's grace]
 74627 | Geh:3    | Lost mutation: Your melee attacks may engulf your foes in
                  | ooze. [Jiyva's grace]
 74627 | Geh:3    | Gained mutation: You have a small jelly attached to you
                  | that may absorb projectiles. [Jiyva's grace]
 74627 | Geh:3    | Gained mutation: You are somewhat resistant to further
                  | mutation. [Jiyva's grace]
 74627 | Geh:3    | Gained mutation: You are somewhat resistant to both further
                  | mutation and mutation removal. [Jiyva's grace]
 74627 | Geh:3    | Gained mutation: You are almost entirely resistant to
                  | further mutation and mutation removal. [Jiyva's grace]
 74800 | Geh:5    | Noticed an ancient lich
 74821 | Geh:5    | Killed an ancient lich
 74952 | Geh:5    | Noticed an ancient lich
 74952 | Geh:5    | Noticed an ancient lich
 74957 | Geh:5    | Killed an ancient lich
 74959 | Geh:5    | Killed an ancient lich
 74962 | Geh:5    | Noticed a dread lich
 74967 | Geh:5    | Killed a dread lich
 74973 | Geh:5    | Noticed a dread lich
 74994 | Geh:5    | Noticed a dread lich
 75001 | Geh:5    | Killed a dread lich
 75006 | Geh:5    | Noticed a dread lich
 75008 | Geh:5    | Noticed an ancient lich
 75011 | Geh:5    | Killed a dread lich
 75012 | Geh:5    | Killed a dread lich
 75012 | Geh:5    | Killed an ancient lich
 75194 | Geh:5    | Noticed an ancient lich
 75208 | Geh:5    | Killed an ancient lich
 75596 | Geh:7    | Entered Level 7 of Gehenna
 77571 | Geh:7    | Got Qotoch's Grimoire of Assaults
 77578 | Geh:7    | Found the +13 sceptre of Asmodeus
 77578 | Geh:7    | Noticed Asmodeus
 77634 | Geh:7    | Killed Asmodeus
 77792 | Geh:7    | Got an obsidian rune of Zot
 77932 | Coc:1    | Entered Level 1 of Cocytus
 80680 | Coc:5    | Reached skill level 27 in Unarmed Combat
 80940 | Coc:5    | Reached skill level 15 in Fire Magic
 81410 | Zig:1    | Entered Level 1 of a ziggurat
 81410 | Zig:1    | Lost mutation: You have a pair of small horns on your head.
                  | [Jiyva's grace]
 81410 | Zig:1    | Lost mutation: Your flesh is cold resistant. (rC+) [Jiyva's
                  | grace]
 81410 | Zig:1    | Lost mutation: You are strong-willed. (Will+) [Jiyva's
                  | grace]
 81410 | Zig:1    | Lost mutation: Your natural rate of healing is unusually
                  | fast. [Jiyva's grace]
 81410 | Zig:1    | Lost mutation: Your spells are harder to cast, but more
                  | powerful. [Jiyva's grace]
 81410 | Zig:1    | Gained mutation: Your spells are harder to cast, but more
                  | powerful. [Jiyva's grace]
 81410 | Zig:1    | Gained mutation: Your spells are much harder to cast, but
                  | much more powerful. [Jiyva's grace]
 81410 | Zig:1    | Gained mutation: You possess an exceptional clarity of
                  | mind. [Jiyva's grace]
 81410 | Zig:1    | Lost mutation: Your skin blends seamlessly with your
                  | surroundings (Stealth++). [Jiyva's grace]
 81410 | Zig:1    | Lost mutation: Your skin changes colour to match your
                  | surroundings (Stealth+). [Jiyva's grace]
 81410 | Zig:1    | Gained mutation: Your translucent skin slightly reduces
                  | your foes' accuracy. (Stealth+) [Jiyva's grace]
 81450 | Zig:2    | Entered Level 2 of a ziggurat
 81490 | Zig:3    | Entered Level 3 of a ziggurat
 81492 | Zig:3    | Found the +8 demon trident "Rift" {distort, reach+}
 81516 | Zig:4    | Entered Level 4 of a ziggurat
 81521 | Zig:4    | Noticed Paumoam the pandemonium lord
 81560 | Zig:4    | Killed Paumoam the pandemonium lord
 81571 | Zig:4    | Got Sif Muna's Elucidation of the Wind and Wounds
 81582 | Zig:5    | Entered Level 5 of a ziggurat
 81619 | Zig:5    | Identified the +2 ring mail "Koissu Haro" {rC- Int+2 Dex+5}
 81668 | Zig:6    | Entered Level 6 of a ziggurat
 81712 | Zig:6    | Got the Discourse on Stygian Jinxing
 81726 | Zig:7    | Entered Level 7 of a ziggurat
 81767 | Zig:7    | Identified the +5 spear of Debec {flame, rN+ Int+3}
 81799 | Zig:8    | Entered Level 8 of a ziggurat
 81839 | Zig:8    | Identified the amulet of Gluttony {Faith Stlth+}
 81847 | Zig:8    | Identified the amulet "Huenue" {Rampage rF++ RegenMP+
                  | Dex-5}
 81857 | Zig:8    | Identified the +6 great mace "Ceott" {drain, rF++ rN+
                  | Dex-4}
 81869 | Zig:9    | Entered Level 9 of a ziggurat
 81923 | Zig:9    | Identified the staff "Fetihe" {rElec rF+ Will+++ Dex-5 Air}
 82016 | Pan      | Entered Pandemonium
 82064 | Pan      | Found a runed translucent door.
 82155 | Pan      | Found an exit through the horrors of the Abyss.
 82877 | Pan      | Noticed Muxtistry the pandemonium lord
 82883 | Pan      | Killed Muxtistry the pandemonium lord
 83045 | Pan      | Learned a level 8 spell: Ignition
 83181 | Pan      | Noticed Jajocem the pandemonium lord
 83339 | Pan      | Killed Jajocem the pandemonium lord
 83395 | Pan      | Got a demonic rune of Zot
 83696 | Pan      | Lost mutation: You are almost entirely resistant to further
                  | mutation and mutation removal. [Jiyva's grace]
 83696 | Pan      | Lost mutation: Your spells are much harder to cast, but
                  | much more powerful. [Jiyva's grace]
 83696 | Pan      | Lost mutation: You have a small jelly attached to you that
                  | may absorb projectiles. [Jiyva's grace]
 83696 | Pan      | Gained mutation: You are agile. (Dex +4, Str/Int -1)
                  | [Jiyva's grace]
 83696 | Pan      | Gained mutation: You are very agile. (Dex +8, Str/Int -2)
                  | [Jiyva's grace]
 83696 | Pan      | Gained mutation: Your translucent skin reduces your foes'
                  | accuracy. (Stealth+) [Jiyva's grace]
 83696 | Pan      | Gained mutation: Your transparent skin significantly
                  | reduces your foes' accuracy. (Stealth+) [Jiyva's grace]
 84221 | Pan      | Noticed Ibugem the pandemonium lord
 84236 | Pan      | Killed Ibugem the pandemonium lord
 84602 | Pan      | Noticed Ignacio
 84611 | Pan      | Killed Ignacio
 84854 | Pan      | Found an exit through the horrors of the Abyss.
 85182 | Pan      | Identified the +2 robe "Gocwiol" {Rampage rPois Str+2
                  | Int-4}
 85894 | Pan      | Gained mutation: You are frail. (-10% HP) [a cacodemon]
 85938 | Pan      | Identified the +3 morningstar "Pouseu Fisi" {pain, *Rage
                  | +Blink rC++ SInv}
 85938 | Pan      | Identified the ring of Law {rN++ EV+5 Str-2 Dex+3}
 85940 | Pan      | Found a transporter.
 86010 | Pan      | Lost mutation: You are frail. (-10% HP) [Jiyva's grace]
 86010 | Pan      | Lost mutation: You are somewhat resistant to both further
                  | mutation and mutation removal. [Jiyva's grace]
 86010 | Pan      | Lost mutation: Your spells are harder to cast, but more
                  | powerful. [Jiyva's grace]
 86010 | Pan      | Lost mutation: Your transparent skin significantly reduces
                  | your foes' accuracy. (Stealth+) [Jiyva's grace]
 86010 | Pan      | Gained mutation: Your body has grown eyes which may confuse
                  | attackers. (Acc +3) [Jiyva's grace]
 86010 | Pan      | Gained mutation: Your body has grown many eyes which may
                  | confuse attackers. (Acc +5) [Jiyva's grace]
 86010 | Pan      | Gained mutation: Your body is covered in eyes which may
                  | confuse attackers. (Acc +7, SInv) [Jiyva's grace]
 86010 | Pan      | Gained mutation: You are covered in slimy tendrils that may
                  | disarm your opponents. [Jiyva's grace]
 86030 | Pan      | Found an exit through the horrors of the Abyss.
 86137 | Pan      | Lost mutation: Your mind is acute. (Int +4, Str/Dex -1) [a
                  | neqoxec]
 86735 | Pan      | Found a transporter.
 86795 | Pan      | Found an exit through the horrors of the Abyss.
 87038 | Pan      | Gained mutation: Your mind is acute. (Int +4, Str/Dex -1)
                  | [a neqoxec]
 87071 | Pan      | Noticed Humoa the pandemonium lord
 87081 | Pan      | Killed Humoa the pandemonium lord
 88336 | Pan      | Noticed Avemoptiwam the pandemonium lord
 88353 | Pan      | Killed Avemoptiwam the pandemonium lord
 88365 | Pan      | Lost mutation: Your body is covered in eyes which may
                  | confuse attackers. (Acc +7, SInv) [Jiyva's grace]
 88365 | Pan      | Lost mutation: Armour fits poorly on your pseudopods.
                  | [Jiyva's grace]
 88365 | Pan      | Gained mutation: Your mind is very acute. (Int +8, Str/Dex
                  | -2) [Jiyva's grace]
 88365 | Pan      | Gained mutation: Your melee attacks may engulf your foes in
                  | ooze. [Jiyva's grace]
 88365 | Pan      | Gained mutation: You are somewhat resistant to both further
                  | mutation and mutation removal. [Jiyva's grace]
 88365 | Pan      | Gained mutation: You are almost entirely resistant to
                  | further mutation and mutation removal. [Jiyva's grace]
 88755 | Pan      | Upgraded the game from 0.32-a0-996-gb3226c233f to
                  | 0.32-a0-998-g15e7c0074e
 89018 | Pan      | Noticed Halut the pandemonium lord
 89031 | Pan      | Killed Halut the pandemonium lord
 89715 | Pan      | Entered the realm of Gloorx Vloq.
 89747 | Pan      | Reached skill level 15 in Spellcasting
 90230 | Pan      | Lost mutation: Your mind is very acute. (Int +8, Str/Dex
                  | -2) [Jiyva's grace]
 90230 | Pan      | Gained mutation: Armour fits poorly on your pseudopods.
                  | [Jiyva's grace]
 90230 | Pan      | Gained mutation: Armour fits poorly on your large
                  | pseudopods. [Jiyva's grace]
 90230 | Pan      | Gained mutation: Armour fits poorly on your massive
                  | pseudopods. [Jiyva's grace]
 90230 | Pan      | Gained mutation: You have a pair of small horns on your
                  | head. [Jiyva's grace]
 90841 | Pan      | Reached skill level 10 in Evocations
 90887 | Pan      | Noticed Gloorx Vloq
 90897 | Pan      | Killed Gloorx Vloq
 91001 | Pan      | Got a dark rune of Zot
 91316 | Pan      | Found an exit through the horrors of the Abyss.
 91662 | Pan      | Noticed Igapesuk the pandemonium lord
 91671 | Pan      | Killed Igapesuk the pandemonium lord
 92076 | Pan      | Identified the +4 dagger of a volcano {drain, *Corrode
                  | Str+5}
 92078 | Pan      | Entered the realm of Cerebov.
 92166 | Pan      | Lost mutation: You are very agile. (Dex +8, Str/Int -2)
                  | [Jiyva's grace]
 92166 | Pan      | Lost mutation: Your mind is acute. (Int +4, Str/Dex -1)
                  | [Jiyva's grace]
 92166 | Pan      | Lost mutation: You are almost entirely resistant to further
                  | mutation and mutation removal. [Jiyva's grace]
 92166 | Pan      | Lost mutation: You are somewhat resistant to both further
                  | mutation and mutation removal. [Jiyva's grace]
 92166 | Pan      | Lost mutation: Armour fits poorly on your massive
                  | pseudopods. [Jiyva's grace]
 92166 | Pan      | Lost mutation: Your melee attacks may engulf your foes in
                  | ooze. [Jiyva's grace]
 92166 | Pan      | Gained mutation: You have acidic saliva. [Jiyva's grace]
 92166 | Pan      | Gained mutation: You have a small jelly attached to you
                  | that senses nearby items. [Jiyva's grace]
 92166 | Pan      | Gained mutation: Your natural rate of healing is unusually
                  | fast. [Jiyva's grace]
 92166 | Pan      | Gained mutation: You heal very quickly. [Jiyva's grace]
 92804 | Pan      | Reached skill level 15 in Evocations
 93133 | Pan      | Found the +6 sword of Cerebov {flame}
 93133 | Pan      | Noticed Cerebov
 93208 | Pan      | Identified the amulet "Cotring" {rF++ rC- RegenMP+ Int+3}
 93365 | Pan      | Killed Cerebov
 93472 | Pan      | Got a fiery rune of Zot
 93681 | Pan      | Noticed Femm the pandemonium lord
 93688 | Pan      | Killed Femm the pandemonium lord
 93729 | Depths:2 | Escaped Pandemonium
 94012 | Coc:6    | Reached skill level 27 in Translocations
 94365 | Coc:7    | Entered Level 7 of Cocytus
 94656 | Coc:7    | Paralysed by a wendigo for 1 turns
 94925 | Coc:7    | Identified the +7 sling "Qoucon" {heavy, MP-9 Str+7}
 95142 | Coc:7    | Noticed the Serpent of Hell
 95159 | Coc:7    | Killed the Serpent of Hell
 95311 | Coc:7    | Paralysed by a wendigo for 1 turns
 96043 | Coc:7    | Noticed Antaeus
 96074 | Coc:7    | Killed Antaeus
 96147 | Coc:7    | Got an icy rune of Zot
 96346 | Tar:1    | Entered Level 1 of Tartarus
 96590 | Tar:3    | Lost mutation: You heal very quickly. [Jiyva's grace]
 96590 | Tar:3    | Lost mutation: You have acidic saliva. [Jiyva's grace]
 96590 | Tar:3    | Lost mutation: Your translucent skin reduces your foes'
                  | accuracy. (Stealth+) [Jiyva's grace]
 96590 | Tar:3    | Lost mutation: You have a small jelly attached to you that
                  | senses nearby items. [Jiyva's grace]
 96590 | Tar:3    | Gained mutation: You have a small jelly attached to you
                  | that senses nearby items. [Jiyva's grace]
 96590 | Tar:3    | Gained mutation: You are strong-willed. (Will+) [Jiyva's
                  | grace]
 96590 | Tar:3    | Gained mutation: You are highly strong-willed. (Will++)
                  | [Jiyva's grace]
 96590 | Tar:3    | Gained mutation: You are extremely strong-willed. (Will+++)
                  | [Jiyva's grace]
 97236 | Tar:7    | Entered Level 7 of Tartarus
 97240 | Tar:7    | Noticed an ancient lich
 97243 | Tar:7    | Killed an ancient lich
 97325 | Tar:7    | Noticed an ancient lich
 97332 | Tar:7    | Killed an ancient lich
 97698 | Tar:7    | Noticed an ancient lich
 97700 | Tar:7    | Killed an ancient lich
 97846 | Tar:7    | Got Sif Muna's Writings on Transmutation and the Plateau
 97891 | Tar:7    | Identified the +7 halberd of Jocular Blind Justice {drain,
                  | rF+ Str+5}
 98054 | Tar:7    | Noticed Ereshkigal
 98075 | Tar:7    | Killed Ereshkigal
 98123 | Tar:7    | Got a bone rune of Zot
 98405 | Dis:1    | Entered Level 1 of the Iron City of Dis
 98623 | Dis:1    | Reached skill level 27 in Dodging
 98990 | Dis:5    | Lost mutation: You are extremely strong-willed. (Will+++)
                  | [Jiyva's grace]
 98990 | Dis:5    | Lost mutation: Your spells are a little harder to cast, but
                  | a little more powerful. [Jiyva's grace]
 98990 | Dis:5    | Gained mutation: Your melee attacks may engulf your foes in
                  | ooze. [Jiyva's grace]
 98990 | Dis:5    | Gained mutation: You have a pair of horns on your head.
                  | [Jiyva's grace]
 98990 | Dis:5    | Gained mutation: You have a pair of large horns on your
                  | head. [Jiyva's grace]
 98990 | Dis:5    | Gained mutation: Your spells are a little harder to cast,
                  | but a little more powerful. [Jiyva's grace]
 99082 | Dis:5    | Mangled by an iron golem
 99082 | Dis:5    | Lost a life (1 life remaining)
 99408 | Dis:7    | Entered Level 7 of the Iron City of Dis
 99639 | Dis:7    | Slain by an iron golem
 99639 | Dis:7    | Lost a life (0 lives remaining)
100451 | Dis:7    | Noticed a juggernaut
100455 | Dis:7    | Killed a juggernaut
100707 | Dis:7    | Noticed a juggernaut
100718 | Dis:7    | Killed a juggernaut
100780 | Dis:7    | Noticed a juggernaut
100790 | Dis:7    | Killed a juggernaut
100920 | Dis:7    | Identified the +8 flail of Doom {drain, rC++}
100920 | Dis:7    | Identified the ring "Moeph" {Ice rPois Str+3 Dex+3 SInv}
101126 | Dis:7    | Gained a life (1 life remaining)
101457 | Dis:7    | Lost mutation: You have a pair of large horns on your head.
                  | [Jiyva's grace]
101457 | Dis:7    | Lost mutation: You have a pair of horns on your head.
                  | [Jiyva's grace]
101457 | Dis:7    | Lost mutation: You are agile. (Dex +4, Str/Int -1) [Jiyva's
                  | grace]
101457 | Dis:7    | Lost mutation: You possess an exceptional clarity of mind.
                  | [Jiyva's grace]
101457 | Dis:7    | Lost mutation: You are highly strong-willed. (Will++)
                  | [Jiyva's grace]
101457 | Dis:7    | Lost mutation: Armour fits poorly on your large pseudopods.
                  | [Jiyva's grace]
101457 | Dis:7    | Gained mutation: Armour fits poorly on your large
                  | pseudopods. [Jiyva's grace]
101457 | Dis:7    | Gained mutation: Armour fits poorly on your massive
                  | pseudopods. [Jiyva's grace]
101457 | Dis:7    | Gained mutation: Your muscles are strong. (Str +4, Int/Dex
                  | -1) [Jiyva's grace]
101457 | Dis:7    | Gained mutation: Your muscles are very strong. (Str +8,
                  | Int/Dex -2) [Jiyva's grace]
101759 | Dis:7    | Noticed Dispater
101778 | Dis:7    | Killed Dispater
101810 | Dis:7    | Got an iron rune of Zot
101816 | Dis:7    | Identified the +7 morningstar of the Ship {spect, rPois}
102209 | Pan      | Entered Pandemonium
102490 | Pan      | Noticed Suemm the pandemonium lord
102499 | Pan      | Killed Suemm the pandemonium lord
102554 | Pan      | Identified the +8 quarterstaff of Hiall {vamp, rElec
                  | Stlth+}
102742 | Pan      | Found an exit through the horrors of the Abyss.
102918 | Pan      | Reached skill level 1 in Ice Magic
102993 | Pan      | Identified the storm talisman "Lasmear" {MP+9 Int+4 SInv}
103218 | Pan      | Noticed Qairaph the pandemonium lord
103225 | Abyss:4  | Cast into level 4 of the Abyss (Qairaph)
103394 | Abyss:4  | Reached skill level 5 in Ice Magic
103412 | Abyss:4  | Lost mutation: You have a pair of small horns on your head.
                  | [Jiyva's grace]
103412 | Abyss:4  | Lost mutation: You are somewhat resistant to further
                  | mutation. [Jiyva's grace]
103412 | Abyss:4  | Lost mutation: Your muscles are very strong. (Str +8,
                  | Int/Dex -2) [Jiyva's grace]
103412 | Abyss:4  | Lost mutation: Your muscles are strong. (Str +4, Int/Dex
                  | -1) [Jiyva's grace]
103412 | Abyss:4  | Lost mutation: Your body has grown many eyes which may
                  | confuse attackers. (Acc +5) [Jiyva's grace]
103412 | Abyss:4  | Lost mutation: Armour fits poorly on your massive
                  | pseudopods. [Jiyva's grace]
103412 | Abyss:4  | Lost mutation: Armour fits poorly on your large pseudopods.
                  | [Jiyva's grace]
103412 | Abyss:4  | Gained mutation: You have a small jelly attached to you
                  | that may absorb projectiles. [Jiyva's grace]
103412 | Abyss:4  | Gained mutation: You are robust. (+10% HP) [Jiyva's grace]
103412 | Abyss:4  | Gained mutation: You are very robust. (+20% HP) [Jiyva's
                  | grace]
103412 | Abyss:4  | Gained mutation: You are extremely robust. (+30% HP)
                  | [Jiyva's grace]
103510 | Pan      | Escaped the Abyss
103520 | Pan      | Killed Qairaph the pandemonium lord
103607 | Pan      | Acquired the ring "Osur" {rPois rN++ rCorr EV+5 Str+2}
103627 | Pan      | Entered the realm of Lom Lobon.
103849 | Pan      | Found a burning altar of Makhleb.
104420 | Pan      | Noticed Lom Lobon
104593 | Pan      | Killed Lom Lobon
104603 | Pan      | Got a magical rune of Zot
104745 | Pan      | Reached skill level 10 in Ice Magic
104755 | Pan      | Entered the realm of Mnoleg.
105099 | Pan      | Found an exit through the horrors of the Abyss.
105191 | Pan      | Gained mutation: Your magical capacity is low. (-10% MP) [a
                  | cacodemon]
105197 | Pan      | Noticed Mnoleg
105403 | Pan      | Killed Mnoleg
105469 | Pan      | Got a glowing rune of Zot
105716 | Pan      | Lost mutation: Your magical capacity is low. (-10% MP)
                  | [Jiyva's grace]
105716 | Pan      | Lost mutation: Your natural rate of healing is unusually
                  | fast. [Jiyva's grace]
105716 | Pan      | Lost mutation: You are extremely robust. (+30% HP) [Jiyva's
                  | grace]
105716 | Pan      | Lost mutation: Armour fits poorly on your pseudopods.
                  | [Jiyva's grace]
105716 | Pan      | Lost mutation: You have a small jelly attached to you that
                  | may absorb projectiles. [Jiyva's grace]
105716 | Pan      | Gained mutation: Your translucent skin reduces your foes'
                  | accuracy. (Stealth+) [Jiyva's grace]
105716 | Pan      | Gained mutation: Your transparent skin significantly
                  | reduces your foes' accuracy. (Stealth+) [Jiyva's grace]
105716 | Pan      | Gained mutation: Your flesh is heat resistant. (rF+)
                  | [Jiyva's grace]
105716 | Pan      | Gained mutation: Your flesh is very heat resistant. (rF++)
                  | [Jiyva's grace]
105790 | Pan      | Gained mutation: You do not regenerate when monsters are
                  | visible. [a cacodemon]
105983 | Pan      | Identified the +10 shortbow of Makhleb, Muttering {elec,
                  | MP+9 Str+2}
106046 | Pan      | Found a sparkling altar of Nemelex Xobeh.
106296 | Pan      | Found an exit through the horrors of the Abyss.
106500 | Pan      | Noticed Wecwua Kohu the pandemonium lord
106838 | Pan      | Noticed Uphi the pandemonium lord
106853 | Pan      | Killed Uphi the pandemonium lord
107106 | Pan      | Gained a life (2 lives remaining)
107109 | Pan      | Reached skill level 15 in Ice Magic
107564 | Pan      | Found an exit through the horrors of the Abyss.
107908 | Pan      | Lost mutation: You do not regenerate when monsters are
                  | visible. [Jiyva's grace]
107908 | Pan      | Lost mutation: Your transparent skin significantly reduces
                  | your foes' accuracy. (Stealth+) [Jiyva's grace]
107908 | Pan      | Gained mutation: You expend magic power (3 MP) to
                  | strengthen your wands. [Jiyva's grace]
107908 | Pan      | Gained mutation: You have a pair of small antennae on your
                  | head. [Jiyva's grace]
107908 | Pan      | Gained mutation: You have a pair of antennae on your head.
                  | [Jiyva's grace]
107908 | Pan      | Gained mutation: You have a pair of large antennae on your
                  | head. (SInv) [Jiyva's grace]
108001 | Pan      | Noticed Qogroy the pandemonium lord
108012 | Pan      | Killed Qogroy the pandemonium lord
108433 | Pan      | Found an exit through the horrors of the Abyss.
108994 | Pan      | Found an exit through the horrors of the Abyss.
109185 | Pan      | Lost mutation: Your flesh is very heat resistant. (rF++)
                  | [Jiyva's grace]
109185 | Pan      | Lost mutation: Your flesh is heat resistant. (rF+) [Jiyva's
                  | grace]
109185 | Pan      | Lost mutation: You are very robust. (+20% HP) [Jiyva's
                  | grace]
109185 | Pan      | Lost mutation: You expend magic power (3 MP) to strengthen
                  | your wands. [Jiyva's grace]
109185 | Pan      | Gained mutation: Your transparent skin significantly
                  | reduces your foes' accuracy. (Stealth+) [Jiyva's grace]
109185 | Pan      | Gained mutation: You are highly strong-willed. (Will++)
                  | [Jiyva's grace]
109185 | Pan      | Gained mutation: You are extremely strong-willed. (Will+++)
                  | [Jiyva's grace]
109185 | Pan      | Gained mutation: You expend magic power (3 MP) to
                  | strengthen your wands. [Jiyva's grace]
109480 | Pan      | Noticed Biujaob the pandemonium lord
109487 | Pan      | Killed Biujaob the pandemonium lord
109797 | Pan      | Noticed Xasour the pandemonium lord
109812 | Pan      | Killed Xasour the pandemonium lord
109941 | Pan      | Found an exit through the horrors of the Abyss.
110300 | Pan      | Lost mutation: You are robust. (+10% HP) [a cacodemon]
110516 | Pan      | Lost mutation: Your transparent skin significantly reduces
                  | your foes' accuracy. (Stealth+) [Jiyva's grace]
110516 | Pan      | Lost mutation: You are covered in slimy tendrils that may
                  | disarm your opponents. [Jiyva's grace]
110516 | Pan      | Lost mutation: You expend magic power (3 MP) to strengthen
                  | your wands. [Jiyva's grace]
110516 | Pan      | Lost mutation: Your melee attacks may engulf your foes in
                  | ooze. [Jiyva's grace]
110516 | Pan      | Gained mutation: Your mind is acute. (Int +4, Str/Dex -1)
                  | [Jiyva's grace]
110516 | Pan      | Gained mutation: Your mind is very acute. (Int +8, Str/Dex
                  | -2) [Jiyva's grace]
110516 | Pan      | Gained mutation: Your muscles are strong. (Str +4, Int/Dex
                  | -1) [Jiyva's grace]
110516 | Pan      | Gained mutation: Your muscles are very strong. (Str +8,
                  | Int/Dex -2) [Jiyva's grace]
110618 | Pan      | Noticed Xuoqorr the pandemonium lord
110633 | Pan      | Killed Xuoqorr the pandemonium lord
110646 | Pan      | Identified the +0 great sword of the Priest {speed, rN+
                  | Dex+4}
111044 | Pan      | Noticed Kastracw the pandemonium lord
111053 | Pan      | Killed Kastracw the pandemonium lord
111076 | Depths:2 | Escaped Pandemonium
111184 | Depths:2 | Voluntarily entered the Abyss.
111218 | Abyss:4  | Found a corrupted altar of Lugonu.
111236 | Abyss:4  | Got an abyssal rune of Zot
111295 | Depths:2 | Escaped the Abyss
111492 | Vaults:4 | Bought a book of Annihilations for 1320 gold pieces
111502 | Vaults:4 | Learned a level 9 spell: Polar Vortex
112141 | Tomb:1   | Entered Level 1 of the Tomb of the Ancients
112697 | Tomb:1   | Noticed a royal mummy
112708 | Tomb:1   | Killed a royal mummy
112775 | Tomb:1   | Noticed a royal mummy
112783 | Tomb:1   | Killed a royal mummy
113145 | Tomb:2   | Noticed a royal mummy
113145 | Tomb:2   | Noticed a royal mummy
113145 | Tomb:2   | Noticed a royal mummy
113145 | Tomb:2   | Noticed a royal mummy
113155 | Tomb:2   | Killed a royal mummy
113163 | Tomb:2   | Killed a royal mummy
113163 | Tomb:2   | Killed a royal mummy
113163 | Tomb:2   | Killed a royal mummy
113416 | Tomb:3   | Entered Level 3 of the Tomb of the Ancients
113425 | Tomb:3   | Noticed a royal mummy
113427 | Tomb:3   | Noticed a royal mummy
113429 | Tomb:3   | Killed a royal mummy
113436 | Tomb:3   | Killed a royal mummy
113468 | Tomb:3   | Noticed a royal mummy
113477 | Tomb:3   | Killed a royal mummy
113482 | Tomb:3   | Noticed a royal mummy
113497 | Tomb:3   | Killed a royal mummy
113560 | Tomb:3   | Found the +9 sword of Zonguldrok {reap}
113560 | Tomb:3   | Found the +16 obsidian axe {drain, demonic, Mesm ^Drain Fly
                  | SInv}
113589 | Tomb:3   | Identified the +7 fire dragon scales of Sonaic {*Corrode
                  | +Inv rF++ rC- rN+ Str+4}
113591 | Tomb:3   | Identified the +0 longbow of Zoric {drain, Str+6 SInv}
113604 | Tomb:3   | Lost mutation: You have a pair of large antennae on your
                  | head. (SInv) [Jiyva's grace]
113604 | Tomb:3   | Lost mutation: You have a pair of antennae on your head.
                  | [Jiyva's grace]
113604 | Tomb:3   | Lost mutation: You have a small jelly attached to you that
                  | senses nearby items. [Jiyva's grace]
113604 | Tomb:3   | Gained mutation: Your system is resistant to poisons.
                  | (rPois) [Jiyva's grace]
113604 | Tomb:3   | Gained mutation: You have a pair of antennae on your head.
                  | [Jiyva's grace]
113604 | Tomb:3   | Gained mutation: You have a pair of large antennae on your
                  | head. (SInv) [Jiyva's grace]
113604 | Tomb:3   | Gained mutation: Your flesh is cold resistant. (rC+)
                  | [Jiyva's grace]
113613 | Tomb:3   | Noticed a royal mummy
113633 | Tomb:3   | Killed a royal mummy
113768 | Tomb:3   | Identified the ring "Upeintiu" {rN+ Str+2}
113796 | Tomb:3   | Identified the +1 robe of Buhynet {rCorr Str+2 Dex+2}
113850 | Tomb:3   | Noticed a royal mummy
113877 | Tomb:3   | Killed a royal mummy
113953 | Tomb:3   | Noticed a royal mummy
113966 | Tomb:3   | Killed a royal mummy
114225 | Tomb:3   | Noticed a royal mummy
114233 | Tomb:3   | Killed a royal mummy
114278 | Tomb:3   | Noticed a royal mummy
114284 | Tomb:3   | Killed a royal mummy
114294 | Tomb:3   | Got a golden rune of Zot
115268 | Zot:5    | Got the Orb of Zot
115645 | D:15     | Noticed Ponn the pandemonium lord
115654 | D:15     | Killed Ponn the pandemonium lord
115970 | D:$      | Escaped with the Orb!

Illustrated notes

Levels and vault maps discovered:
D:1:      dpeg_chamrin_arrival_tetris, layout_loops_ring, kennysheep_crisscross,
          minmay_close_crescents
D:2:      layout_loops_corners, uniq_jessica
D:3:      layout_basic, lemuel_zombie_altar_kikubaaqudgha, serial_bayou,
          serial_bayou_shore_a, serial_bayou_shore_b, serial_bayou_pond_d,
          serial_bayou_crossing, serial_bayou_lake_a, serial_bayou_pond_d,
          minmay_rat_hole
D:4:      layout_basic, overflow_temple_1_default, uniq_sigmund
D:5:      layout_loops_ring, mainiacjoe_sewer_entry_somewhere_in_here_1,
          enter_ossuary_2, minmay_misc_feat_square, minmay_quadrilaterals,
          uniq_pikel
D:6:      layout_cave_pools, grunt_dithmenos_smoke_and_mirrors
D:7:      layout_loops_ring, overflow_temple_1_default,
          minmay_temple_entry_glassed_door, serial_shops, nicolae_stop_n_shop_2
D:8:      layout_loops_ring, minivault_10, uniq_maggie
D:9:      layout_gridville
D:10:     layout_grid_maze, orc_david_3, serial_shops, shop, the_hattery
D:11:     layout_irregular_city, lair_entry_dummy, uniq_urug
D:12:     layout_basic, uniq_kirke, uniq_psyche
D:13:     layout_cave_pods, erik_vaults_2, nicolae_shop_vocational,
          uniq_josephine
D:14:     layout_basic, kennysheep_decorative_pillar,
          serial_library_hellmonk_semicircle
D:15:     hangedman_depths_entry_civil_slaughter, layout_rooms,
          good_gods_mini_temple, gammafunk_ghost_arena
Lair:1:   layout_loops_ring, basic_altar, lemuel_old_faithful,
          grunt_megastairs_5
Lair:2:   layout_cave_pods, elwin_shoals_entry_rooms,
          guppyfry_snake_entry_garden, hellmonk_ghost_happy_afterlife
Lair:3:   layout_gridlike
Lair:4:   layout_loops_ring, slime_entry_2, serial_bayou_shore_b, uniq_sonja
Lair:5:   hangedman_lair_caniforms_friends, layout_regular_city,
          guppyfry_lair_end_dragon, basic_altar, serial_bayou_ford_a,
          infiniplex_staircase_pool_2, serial_bayou_shore_b
Shoals:1: layout_shoals, uniq_frances
Shoals:2: argonaut_golden_fleece, layout_shoals, nicolae_shoals_drake_roost
Shoals:3: layout_shoals, nicolae_shoals_mertower, uniq_polyphemus
Shoals:4: shoals_end_grunt_garden, layout_shoals, serial_shops, shop_fountains,
          shop, nicolae_square_shop, shop, shop, serial_nicolae_subway,
          nicolae_sub_station_crystal, nicolae_sub_station_stone,
          nicolae_sub_station_metal, uniq_mara
Snake:1:  layout_chambers, nicolae_take_the_stairs, lemuel_fruit_tree
Snake:2:  layout_basic, grunt_megastairs_1, minmay_shoptagon
Snake:3:  layout_cave_town, serial_shops, nicolae_shop_tiny_glass,
          nicolae_shop_advertising_works [nicolae_subvault_shop_adworks],
          st_stairs_6, nicolae_snake_salamander_jacuzzi
Snake:4:  johnstein_snake_rune_scales, layout_misc_corridors, serial_shops,
          shop, drop_trap, uniq_nikola
Slime:1:  cheibrodos_slime_lost_civilization_2, layout_caves,
          cheibrodos_slime_lost_civilization_4
Slime:2:  layout_caves, nicolae_slime_phagocytosis
Slime:3:  layout_caves
Slime:4:  nicolae_slime_pool, layout_caves
Slime:5:  slime_pit_nicolae_trefoil
Orc:1:    layout_caves, basic_altar, led_sif_book
Orc:2:    st_orc_open, layout_caves
Elf:1:    eino_elf_arrival_the_gate, layout_geoelf_grid, guppyfry_library_mini,
          nicolae_letterblocks [nicolae_letter_subblock,
          nicolae_letter_subblock, nicolae_letter_subblock,
          nicolae_letter_subblock, nicolae_letter_subblock,
          nicolae_letter_subblock, nicolae_letter_subblock,
          nicolae_letter_subblock, nicolae_letter_subblock,
          nicolae_letter_subblock, nicolae_letter_subblock,
          nicolae_letter_subblock, nicolae_letter_subblock,
          nicolae_letter_subblock, nicolae_letter_subblock,
          nicolae_letter_subblock, nicolae_letter_subblock,
          nicolae_letter_subblock, nicolae_letter_subblock,
          nicolae_letter_subblock, nicolae_letter_subblock,
          nicolae_letter_subblock, nicolae_letter_subblock,
          nicolae_letter_subblock, nicolae_letter_subblock]
Elf:2:    elven_hall_of_blades_hangedman_original [grunt_blade_entry_basic],
          layout_loops_cross
Elf:3:    minmay_elf_hall_hex, layout_loops_corners, basic_altar, serial_shops,
          shop, minmay_shop_star, uniq_saint_roka, uniq_asterion
Vaults:1: nicolae_vaults_network_quinsquares
          [nicolae_vaults_network_quincunx_subvault,
          nicolae_vaults_network_quincunx_subvault,
          nicolae_vaults_network_quincunx_subvault,
          nicolae_vaults_network_quincunx_subvault], special_room_vaults
          [special_room_orc], nicolae_vaults_diagonal_hallway_9, v_pattern_3,
          nicolae_vaults_apartment_1, vaults_room_grunt_arrival_ludios,
          nicolae_vaults_house_3, ontoclasm_vaults_gateway,
          hangedman_vaults_pinch, nicolae_vaults_little_squares_2,
          nicolae_vaults_weapon_check, nicolae_vaults_tetromino_L_2,
          nicolae_vaults_little_ls, layout_vaults_chaotic_city, uniq_norris
Vaults:2: ebering_ghost_rock_garden, grunt_vaults_hallway_long,
          nicolae_vaults_little_squares_3, nicolae_vaults_double_plus_2,
          hangedman_vaults_corner_blocks, v_misc_28, nicolae_vaults_trapezoid_2,
          nicolae_vaults_sightless_eye, vaults_dpeg_diagonal, v_misc_18,
          nicolae_vaults_double_plus_1, grunt_vaults_funnel,
          vaults_room_hangedman_quadrants, v_misc_5, vaults_mumra_hex,
          v_misc_13, layout_vaults_omnibox, serial_shops, shop
Vaults:3: vaults_dpeg_encased_lava, minmay_crypt_entry_simple_statues,
          vaults_dpeg_ring, nicolae_vaults_storage_closets_1,
          hangedman_vaults_corner, lemuel_angel_altar, nicolae_vaults_big_ls,
          nicolae_vaults_trapezoid_lopsided_3, nicolae_vaults_house_2,
          ontoclasm_vaults_shuriken, v_misc_25, nicolae_vaults_what_the_h,
          v_misc_28, nicolae_vaults_variable_pillar_hall, layout_vaults_ring
Vaults:4: hangedman_vaults_unwind, v_misc_4,
          nicolae_vaults_doubleplus_tesselated, v_misc_28, v_rooms_6,
          nicolae_vaults_antechamber_and_loot_room, nicolae_vaults_house_2,
          nicolae_vaults_little_squares_4, layout_vaults_quadrants,
          serial_shops, shop
Vaults:5
Crypt:1:  layout_basic, special_room [special_room_morgue], grunt_ministairs_7,
          grunt_crypt_arrival_guarded_gate
Crypt:2:  layout_gridlike, hangedman_crypt_dual_shrines, uniq_sojobo,
          uniq_boris, uniq_xtahua
Crypt:3:  quadcrypt_mu, uniq_bai_suzhen
Tomb:1
Tomb:2
Tomb:3
Depths:1: layout_cave_shapes, enter_trove_5, pf_vacation_house_of_asmodeus,
          st_stairs_6, nzn_wu_jian_contemplation, grunt_megastairs_4
Depths:2: minmay_guarded_unrand_sceptre_of_torment, layout_honeycomb,
          nicolae_qazlal_style_of_elements, grunt_metal_band,
          grunt_pan_entry_zigzag, abyss_entry
Depths:3: minmay_polygon_palace, layout_gridlike, hell_entry,
          old_standard_altar, abyss_entry, uniq_mennas, uniq_josephina,
          uniq_grunn, uniq_margery, uniq_frederick
Depths:4: evilmike_zot_entry_hall, layout_gridlike, enter_ziggurat_a,
          nemelex_diamond_rough_becter, rand_demon_pan_entry_9, hell_entry,
          st_stairs_11
Hell
Dis:1:    layout_regular_city, minmay_strange_pillars,
          nicolae_dis_distal_crystal
Dis:2:    layout_regular_city
Dis:3:    layout_gridville
Dis:4:    layout_subdivisions, minmay_strange_pillars
Dis:5:    layout_regular_city, minmay_strange_pillars
Dis:6:    hangedman_dis_decor_blocks_talon, layout_regular_city
Dis:7:    dis_grunt_layers
Geh:1:    layout_gehenna_lava_caves
Geh:2:    layout_gehenna_lava_caves
Geh:3:    layout_gehenna_pools_box
Geh:4:    layout_gehenna_lava_caves
Geh:5:    layout_gehenna_pools_basic, nicolae_hells_leichenhalle
Geh:6:    layout_gehenna_lava_caves
Geh:7:    geh_grunt
Coc:1:    nicolae_hells_demon_pit, layout_cocytus_water_paths, serial_ice
Coc:2:    layout_ice_bergs
Coc:3:    layout_cocytus_water_paths
Coc:4:    layout_ice_bergs
Coc:5:    layout_cocytus_delve, nicolae_coc_statues_of_limitations
Coc:6:    nicolae_coc_city_of_iceburg
Coc:7:    coc_mu
Tar:1:    layout_grid_maze
Tar:2:    layout_catacombs
Tar:3:    hangedman_tartarus_temple_path, layout_cathedral_of_symmetry
Tar:4:    layout_catacombs
Tar:5:    layout_catacombs
Tar:6:    layout_catacombs
Tar:7:    tar_old
Zot:1:    lemuel_halls_of_wrath, layout_onion, regret_index_zotdec_bone_old
Zot:2:    layout_misc_corridors
Zot:3:    hangedman_snap_crack_crunch, layout_cathedral_of_symmetry,
          hangedman_zot_decor_tridents
Zot:4:    layout_gridlike
Zot:5:    layout_basic, st_stairs_4, grunt_ministairs_7,
          nicolae_transporter_circle

Skill      XL: |  1  2  3  4  5  6  7  8  9 10 11 12 13 14 15 16 17 18 19 20 21 22 23 24 25 26 27 |
---------------+----------------------------------------------------------------------------------+-----
Unarmed Combat | 4 5 6 7 8 9 11 12 13 15 16 17 18 20 21 22 23 27 | 27.0
Stealth        | 2 3 7 8 |  8.0
Fire Magic     | 1 2 3 6 13 14 21 | 21.0
Dodging        | 3 4 6 7 8 10 11 13 15 16 18 20 27 | 27.0
Shapeshifting  | 3 5 6 8 10 11 12 13 16 18 21 23 25 | 25.3
Fighting       | 3 5 7 8 10 12 13 14 15 16 18 23 | 23.0
Hexes          | 3 5 9 15 19 20 | 20.0
Spellcasting   | 3 4 6 7 8 9 11 12 19 | 19.0
Evocations     | 4 5 15 | 15.0
Translocations | 8 14 18 21 22 27 | 27.0
Conjurations   | 3 4 |  4.0
Ice Magic      | 24 | 24.9

Action                     |  1- 3 |  4- 6 |  7- 9 | 10-12 | 13-15 | 16-18 | 19-21 | 22-24 | 25-27 || total
---------------------------+-------+-------+-------+-------+-------+-------+-------+-------+-------++-------
  Melee: Unarmed           |   111 |   188 |   207 |   405 |   909 |  1273 |  1323 |  1498 |  6917 || 12831
         Bite              |     7 |    17 |    21 |    56 |   126 |   139 |   113 |    27 |    49 ||   555
         Punch             |     1 |     5 |    11 |    44 |   108 |   121 |   101 |   111 |   605 ||  1107
         Headbutt          |       |       |       |       |    39 |   262 |   174 |    15 |       ||   490
         Pseudopods        |       |       |       |       |       |       |   161 |    11 |       ||   172
         Tailslap          |       |       |       |       |       |       |       |    14 |    36 ||    50
   Cast: Scorch            |       |     2 |     3 |    25 |    21 |    57 |       |     1 |       ||   109
         Jinxbite          |       |       |       |    25 |   102 |    41 |       |       |       ||   168
         Manifold Assault  |       |       |       |       |       |   180 |   323 |   293 |  2333 ||  3129
         Iskenderun's Myst |       |       |       |       |       |     1 |     6 |     2 |       ||     9
         Enfeeble          |       |       |       |       |       |       |       |     5 |     5 ||    10
         Discord           |       |       |       |       |       |       |       |     1 |       ||     1
         Ignition          |       |       |       |       |       |       |       |       |    22 ||    22
         Polar Vortex      |       |       |       |       |       |       |       |       |     1 ||     1
 Invoke: Oozemancy         |       |       |     2 |       |       |     1 |       |       |     1 ||     4
Ability: Blinkbolt         |       |       |       |       |       |       |       |       |     2 ||     2
         Breathe Fire      |       |       |       |       |       |       |       |       |     1 ||     1
  Evoke: Wand              |       |       |       |       |     6 |     1 |     3 |       |       ||    10
         Horn of Geryon    |       |       |       |       |       |       |       |       |     1 ||     1
         Phial of floods   |       |       |       |       |       |       |       |       |     1 ||     1
    Use: Scroll            |     4 |     4 |     5 |     7 |     8 |     6 |     6 |     5 |     6 ||    51
         Potion            |       |     2 |       |       |     1 |     2 |     1 |     2 |    15 ||    23
   Stab: Sleeping          |     3 |     3 |     4 |    26 |    21 |    30 |    16 |    11 |    12 ||   126
         Distracted        |     1 |       |       |     1 |     6 |     5 |     9 |     3 |    38 ||    63
         Confused          |       |       |       |       |    16 |    12 |       |       |       ||    28
 Armour: Skin              |    24 |    58 |    60 |    80 |   255 |   310 |   252 |   289 |   735 ||  2063
  Dodge: Dodged            |    71 |   135 |   147 |   398 |  1238 |  1195 |   700 |   952 |  3740 ||  8576
   Form: Blade             |       |       |       |     1 |       |       |       |       |       ||     1
         Flux              |       |       |       |     1 |       |       |       |       |       ||     1
         Storm             |       |       |       |       |       |       |       |     1 |     5 ||     6
         Dragon            |       |       |       |       |       |       |       |     1 |     3 ||     4
         Statue            |       |       |       |       |       |       |       |       |     1 ||     1
         Death             |       |       |       |       |       |       |       |       |     1 ||     1

Table legend: (Time is in decaauts)
 A = Elapsed time spent in this place.
 B = Non-inter-level travel time spent in this place.
 C = Inter-level travel time spent in this place.
 D = Time resting spent in this place.
 E = Time spent auto-exploring this place.
 F = Levels seen in this place.
 G = Mean time per level.
                   A        B        C        D        E       F      G
               +--------+--------+--------+--------+--------+-----+--------+
         Total | 114209 | 103102 |  11107 |  26225 |  49971 | 125 |  913.7 |
       Dungeon |  18501 |  15884 |   2617 |   2994 |   9564 |  15 | 1233.4 |
          Lair |   8999 |   8201 |    798 |   2435 |   3616 |   5 | 1799.8 |
        Shoals |   9186 |   8666 |    520 |   3874 |   2870 |   4 | 2296.5 |
     Snake Pit |   7841 |   7452 |    389 |   2807 |   2758 |   4 | 1960.2 |
    Slime Pits |    662 |    534 |    128 |      0 |    470 |   5 |  132.4 |
  Orcish Mines |   2178 |   1986 |    192 |    436 |   1019 |   2 | 1089.0 |
   Elven Halls |   3798 |   3526 |    272 |    859 |   1481 |   3 | 1266.0 |
        Vaults |   7864 |   6221 |   1643 |    688 |   3671 |   5 | 1572.8 |
         Crypt |   4510 |   3822 |    688 |    651 |   1798 |   3 | 1503.3 |
          Tomb |   3318 |   2916 |    402 |    941 |    919 |   3 | 1106.0 |
        Depths |   5618 |   4137 |   1481 |    452 |   2716 |   4 | 1404.5 |
          Hell |   1796 |   1498 |    298 |    812 |    395 |   1 | 1796.0 |
           Dis |   3383 |   3190 |    193 |   1357 |    718 |   7 |  483.3 |
       Gehenna |   3935 |   3749 |    186 |   1659 |   1359 |   7 |  562.1 |
       Cocytus |   4397 |   3795 |    602 |   1374 |   1458 |   7 |  628.1 |
      Tartarus |   1867 |   1811 |     56 |    536 |    871 |   7 |  266.7 |
           Zot |   5678 |   5044 |    634 |    919 |   2829 |   5 | 1135.6 |
         Abyss |    359 |    359 |      0 |     57 |    131 |   2 |  179.5 |
   Pandemonium |  19176 |  19176 |      0 |   3058 |  11134 |  25 |  767.0 |
      Ziggurat |    457 |    457 |      0 |     41 |     23 |   9 |   50.8 |
         Trove |     43 |     43 |      0 |      0 |      5 |   1 |   43.0 |
         Sewer |    632 |    632 |      0 |    271 |    162 |   1 |  632.0 |
               +--------+--------+--------+--------+--------+-----+--------+

Top non-repeatable levels by time:
 Snake:4: 4090 daAuts
Shoals:2: 2616 daAuts
   Dis:7: 2586 daAuts
Shoals:3: 2474 daAuts
Shoals:1: 2310 daAuts
   Geh:7: 2223 daAuts
  Lair:2: 2170 daAuts
  Lair:5: 2044 daAuts
Depths:2: 2011 daAuts
Vaults:1: 1990 daAuts
   Elf:3: 1918 daAuts
  Lair:4: 1891 daAuts
 Crypt:3: 1889 daAuts
  Lair:1: 1870 daAuts
    D:13: 1823 daAuts
